Workbook

Sheet ORÇAMENTO GLOBAL
D3: UNIVERSIDADE ESTADUAL DO NORTE DO PARANÁ
D4: CNPJ: 08.885.100/0001-54 | L4: BDI | M4: 0.2601
D5: OBRA : INSTALAÇÕES DE PREVENÇÃO CONTRA INCÊNDIO E PÂNICO DO CLM | L5: BDI dif. | M5: 0.1635
D6: Local: CAMPUS LUIZ MENEGHEL
D7: Data do orçamento: AGOSTO DE 2022 | L7: Total c/BDI | M7: =SUM(N14:N436) -> 894581.36
D8: REFERÊNCIA DE PREÇOS : SINAPI_ref_Insumos_Composicoes_PR_052022_Desonerado // ORSE ABRIL 2022 // SICRO 2022
D9: RESP PROJETO: ENG.CIVIL LINCOLN MAKOTO NOZAKI CREA PR 9555/D
A11: ITEM | B11: RESUMO | C11: CÓDIGO | D11: DESCRIÇÃO DOS SERVIÇOS | E11: UN | F11: QTD | G11: UNITÁRIO (SEM BDI) | J11: TOTAL (Valores sem BDI) | M11: VALOR TOTAL C/ BDI
G12: MATERIAL + EQ | H12: MÃO DE OBRA | I12: TOTAL | J12: MATERIAL | K12: MÃO DE OBRA | L12: TOTAL
A14: 1 | D14: SERVIÇOS GERAIS | J14: =SUM(J15:J16) -> 2978.82 | K14: =SUM(K15:K16) -> 10412.28 | L14: =SUM(L15:L16) -> 13391.1 | M14: =SUM(M15:M16) -> 16874.12 | N14: =M14 -> 16874.12
A15: 1.1 | B15: GERAL - ALMOXARIFADO | C15: 10776 INS. | D15: LOCACAO DE CONTAINER 2,30 X 6,00 M, ALT. 2,50 M, PARA ESCRITORIO, SEM DIVISORIAS INTERNAS E SEM SANITARIO | E15: MES | F15: 6 | G15: 468.75 | H15: 0 | I15: =G15+H15 -> 468.75 | J15: =G15*F15 -> 2812.5 | K15: =H15*F15 -> 0 | L15: =ROUND(J15+K15,2) -> 2812.5 | M15: =ROUND(L15*(1+$M$4),2) -> 3544.03
A16: 1.2 | B16: ENGENHEIRO | C16: 90778 | D16: ENGENHEIRO CIVIL DE OBRA PLENO COM ENCARGOS COMPLEMENTARES | E16: H | F16: =6*4*4.5 -> 108 | G16: 1.54 | H16: 96.41 | I16: =G16+H16 -> 97.95 | J16: =G16*F16 -> 166.32 | K16: =H16*F16 -> 10412.28 | L16: =ROUND(J16+K16,2) -> 10578.6 | M16: =ROUND(L16*(1+$M$4),2) -> 13330.09
A18: 2 | D18: RESERVATÓRIO | J18: =J19+J28 -> 75664.2 | K18: =K19+K28 -> 5491.5505 | L18: =L19+L28 -> 81155.756 | M18: =M19+M28 -> 96932.55
D19: FUNDAÇÃO DO RESERVATÓRIO | J19: =SUM(J20:J26) -> 10558.603 | K19: =SUM(K20:K26) -> 2772.3505 | L19: =SUM(L20:L26) -> 13330.96 | M19: =SUM(M20:M26) -> 16798.35 | N19: =M19 -> 16798.35
A20: 2.1 | B20: RES BASE 3x3x1 | C20: 101273 | D20: ESCAVAÇÃO VERTICAL A CÉU ABERTO, EM OBRAS DE INFRAESTRUTURA, INCLUINDO CARGA, DESCARGA E TRANSPORTE, EM SOLO DE 1ª CATEGORIA COM ESCAVADEIRA | E20: M3 | F20: 9 | G20: 15.14 | H20: 1.28 | I20: =G20+H20 -> 16.42 | J20: =G20*F20 -> 136.26 | K20: =H20*F20 -> 11.52 | L20: =ROUND(J20+K20,2) -> 147.78 | M20: =ROUND(L20*(1+$M$4),2) -> 186.22
A21: 2.2 | B21: RES BASE - ARMAÇÃO ESTACA | C21: 92779 | D21: ARMAÇÃO DE PILAR OU VIGA DE UMA ESTRUTURA CONVENCIONAL DE CONCRETO ARMADO EM UMA EDIFICAÇÃO TÉRREA OU SOBRADO UTILIZANDO AÇO CA-50 DE 12,5 MM - MONTAGEM. AF_12/2015 | E21: KG | F21: 62 | G21: 10.41 | H21: 1.57 | I21: =G21+H21 -> 11.98 | J21: =G21*F21 -> 645.42 | K21: =H21*F21 -> 97.34 | L21: =ROUND(J21+K21,2) -> 742.76 | M21: =ROUND(L21*(1+$M$4),2) -> 935.95
A22: 2.3 | B22: RES BASE - ESTACA BROCA | C22: 100896 | D22: ESTACA ESCAVADA MECANICAMENTE, SEM FLUIDO ESTABILIZANTE, COM 25CM DE DIÂMETRO, CONCRETO LANÇADO POR CAMINHÃO BETONEIRA (EXCLUSIVE MOBILIZAÇÃO E DESMOBILIZAÇÃO). AF_01/2020 | E22: M | F22: =6*6 -> 36 | G22: 47.21 | H22: 31.29 | I22: =G22+H22 -> 78.5 | J22: =G22*F22 -> 1699.56 | K22: =H22*F22 -> 1126.44 | L22: =ROUND(J22+K22,2) -> 2826 | M22: =ROUND(L22*(1+$M$4),2) -> 3561.04
A23: 2.4 | B23: RES BASE - LASTRO 5 CM | C23: 96622 | D23: LASTRO COM MATERIAL GRANULAR, APLICADO EM PISOS OU LAJES SOBRE SOLO, ESPESSURA DE *5 CM*. AF_08/2017 | E23: M3 | F23: =9*0.05 -> 0.45 | G23: 75.45 | H23: 28.05 | I23: =G23+H23 -> 103.5 | J23: =G23*F23 -> 33.9525 | K23: =H23*F23 -> 12.6225 | L23: =ROUND(J23+K23,2) -> 46.58 | M23: =ROUND(L23*(1+$M$4),2) -> 58.7
A24: 2.5 | B24: RES BASE - FORMA | C24: 96536 | D24: FABRICAÇÃO, MONTAGEM E DESMONTAGEM DE FÔRMA PARA VIGA BALDRAME, EM MADEIRA SERRADA, E=25 MM, 4 UTILIZAÇÕES. AF_06/2017 | E24: M2 | F24: =1.1*12 -> 13.2 | G24: 53.76 | H24: 28.65 | I24: =G24+H24 -> 82.41 | J24: =G24*F24 -> 709.632 | K24: =H24*F24 -> 378.18 | L24: =ROUND(J24+K24,2) -> 1087.81 | M24: =ROUND(L24*(1+$M$4),2) -> 1370.75
A25: 2.6 | B25: RES BASE - ARMAÇÃO | C25: 92779 | D25: ARMAÇÃO DE PILAR OU VIGA DE UMA ESTRUTURA CONVENCIONAL DE CONCRETO ARMADO EM UMA EDIFICAÇÃO TÉRREA OU SOBRADO UTILIZANDO AÇO CA-50 - MONTAGEM. AF_12/2015 | E25: KG | F25: 380 | G25: 10.41 | H25: 1.57 | I25: =G25+H25 -> 11.98 | J25: =G25*F25 -> 3955.8 | K25: =H25*F25 -> 596.6 | L25: =ROUND(J25+K25,2) -> 4552.4 | M25: =ROUND(L25*(1+$M$4),2) -> 5736.48
A26: 2.7 | B26: RES BASE - CONCRETO | C26: 94964 | D26: CONCRETO FCK = 20MPA, TRAÇO 1:2,7:3 (EM MASSA SECA DE CIMENTO/ AREIA MÉDIA/ BRITA 1) - PREPARO MECÂNICO COM BETONEIRA 400 L. AF_05/2021 | E26: M3 | F26: =1.1*9 -> 9.9 | G26: 341.21 | H26: 55.52 | I26: =G26+H26 -> 396.73 | J26: =G26*F26 -> 3377.979 | K26: =H26*F26 -> 549.648 | L26: =ROUND(J26+K26,2) -> 3927.63 | M26: =ROUND(L26*(1+$M$4),2) -> 4949.21
D28: RESERVATÓRIO METÁLICO | J28: =SUM(J29:J52) -> 65105.596 | K28: =SUM(K29:K52) -> 2719.2 | L28: =SUM(L29:L52) -> 67824.796 | M28: =SUM(M29:M52) -> 80134.2 | N28: =M28 -> 80134.2
A29: 2.8 | B29: RESERVATÓRIO | C29: COTAÇÃO 3 | D29: RESERVATÓRIO METÁLICO CILÍNDRICO DE 30.000 LITROS | E29: UN | F29: 1 | G29: ='COTAÇÕES'!B32 -> 55195 | H29: 0 | I29: =G29+H29 -> 55195 | J29: =G29*F29 -> 55195 | K29: =H29*F29 -> 0 | L29: =ROUND(J29+K29,2) -> 55195 | M29: =ROUND(L29*(1+$M$5),2) -> 64219.38
A30: 2.9 | B30: RES PARA_RAIO | C30: COMP. 01 | D30: SISTEMA DE PROTEÇÃO E ATERRAMENTO DE RESERVATÓRIO METÁLICO. INCLUSIVE PARA RAIO, CORDOALHAS, ELETRODUTOS E ATERRAMENTO COM HASTE DE COBRE | E30: UN | F30: 1 | G30: 1510.29 | H30: 437.04 | I30: =G30+H30 -> 1947.33 | J30: =G30*F30 -> 1510.29 | K30: =H30*F30 -> 437.04 | L30: =ROUND(J30+K30,2) -> 1947.33 | M30: =ROUND(L30*(1+$M$4),2) -> 2453.83
A31: 2.10 | B31: TUB. RES - ALIMENTAÇÃO, CONSUMO, EXTRAVASOR E LIMPEZA | C31: 94651 | D31: TUBULAÇÃO: ALIMENTAÇÃO - TUBO, PVC, SOLDÁVEL, DN 50 MM, INSTALADO EM RESERVAÇÃO DE ÁGUA DE EDIFICAÇÃO QUE POSSUA RESERVATÓRIO DE FIBRA/FIBROCIMENTO FORNECIMENTO E INSTALAÇÃO. AF_06/2016 M CR 23,36 | E31: M | F31: 51 | G31: 22.34 | H31: 6.23 | I31: =G31+H31 -> 28.57 | J31: =G31*F31 -> 1139.34 | K31: =H31*F31 -> 317.73 | L31: =ROUND(J31+K31,2) -> 1457.07 | M31: =ROUND(L31*(1+$M$4),2) -> 1836.05
A32: 2.11 | B32: R.G. RES - ALIMENTAÇÃO, CONSUMO E LIMPEZA | C32: 94499 | D32: REGISTRO DE GAVETA BRUTO, LATÃO, ROSCÁVEL, 2 1/2, INSTALADO EM RESERVAÇÃO DE ÁGUA DE EDIFICAÇÃO QUE POSSUA RESERVATÓRIO FORNECIMENTO E INSTALAÇÃO. AF_06/2016 217,93 | E32: UN | F32: 3 | G32: 245.45 | H32: 15.01 | I32: =G32+H32 -> 260.46 | J32: =G32*F32 -> 736.35 | K32: =H32*F32 -> 45.03 | L32: =ROUND(J32+K32,2) -> 781.38 | M32: =ROUND(L32*(1+$M$4),2) -> 984.62
A33: 2.12 | B33: RES TUB | C33: 89501 | D33: JOELHO 90 GRAUS, PVC, SOLDÁVEL, DN 50MM, INSTALADO EM PRUMADA DE ÁGUA - FORNECIMENTO E INSTALAÇÃO. AF_12/2014 | E33: UN | F33: 11 | G33: 12.48 | H33: 3.56 | I33: =G33+H33 -> 16.04 | J33: =G33*F33 -> 137.28 | K33: =H33*F33 -> 39.16 | L33: =ROUND(J33+K33,2) -> 176.44 | M33: =ROUND(L33*(1+$M$4),2) -> 222.33
A34: 2.13 | B34: RES TUB | C34: 89595 | D34: ADAPTADOR CURTO COM BOLSA E ROSCA PARA REGISTRO, PVC, SOLDÁVEL, DN 50MM X 1.1/4_x0094_, INSTALADO EM PRUMADA DE ÁGUA - FORNECIMENTO E INSTALAÇÃO. AF_12/2014 | E34: UN | F34: 6 | G34: 15.57 | H34: 2.36 | I34: =G34+H34 -> 17.93 | J34: =G34*F34 -> 93.42 | K34: =H34*F34 -> 14.16 | L34: =ROUND(J34+K34,2) -> 107.58 | M34: =ROUND(L34*(1+$M$4),2) -> 135.56
A35: 2.14 | B35: RES BOMBA | C35: 93358 | D35: ESCAVAÇÃO MANUAL DE VALA COM PROFUNDIDADE MENOR OU IGUAL A 1,30 M. AF_02/2021 | E35: M3 | F35: 6 | G35: 25.76 | H35: 52.48 | I35: =G35+H35 -> 78.24 | J35: =G35*F35 -> 154.56 | K35: =H35*F35 -> 314.88 | L35: =ROUND(J35+K35,2) -> 469.44 | M35: =ROUND(L35*(1+$M$4),2) -> 591.54
A36: 2.15 | B36: RES BOMBA | C36: 91871 | D36: ELETRODUTO RÍGIDO ROSCÁVEL, PVC, DN 25 MM (3/4"), PARA CIRCUITOS TERMINAIS, INSTALADO EM PAREDE - FORNECIMENTO E INSTALAÇÃO. AF_12/2015 | E36: M | F36: 75 | G36: 7.89 | H36: 5.71 | I36: =G36+H36 -> 13.6 | J36: =G36*F36 -> 591.75 | K36: =H36*F36 -> 428.25 | L36: =ROUND(J36+K36,2) -> 1020 | M36: =ROUND(L36*(1+$M$4),2) -> 1285.3
A37: 2.16 | B37: RES BOIA | C37: 102137 | D37: CHAVE DE BOIA AUTOMÁTICA SUPERIOR/INFERIOR 15A/250V - FORNECIMENTO E INSTALAÇÃO. AF_12/2020 | E37: UN | F37: 1 | G37: 63.37 | H37: 21.24 | I37: =G37+H37 -> 84.61 | J37: =G37*F37 -> 63.37 | K37: =H37*F37 -> 21.24 | L37: =ROUND(J37+K37,2) -> 84.61 | M37: =ROUND(L37*(1+$M$4),2) -> 106.62
A38: 2.17 | B38: ABRIGO (150x100x150) PARA BOMBA EM ALVENARIA DE TIJOLO - CONCRETO | C38: 94964 | D38: CONCRETO FCK = 20MPA, TRAÇO 1:2,7:3 (EM MASSA SECA DE CIMENTO/ AREIA MÉDIA/ BRITA 1) - PREPARO MECÂNICO COM BETONEIRA 400 L. AF_05/2021 | E38: M3 | F38: 0.4 | G38: 341.21 | H38: 55.52 | I38: =G38+H38 -> 396.73 | J38: =G38*F38 -> 136.484 | K38: =H38*F38 -> 22.208 | L38: =I38*F38 -> 158.692 | M38: =ROUND(L38*(1+$M$4),2) -> 199.97
A39: 2.18 | B39: ABRIGO (150x100x150) PARA BOMBA EM ALVENARIA DE TIJOLOS - FERRAGEM | C39: 92776 | D39: ARMAÇÃO DE PILAR OU VIGA DE UMA ESTRUTURA CONVENCIONAL DE CONCRETO ARMADO EM UMA EDIFICAÇÃO TÉRREA OU SOBRADO UTILIZANDO AÇO CA-50 DE 6,3 MM - MONTAGEM. AF_12/2015 | E39: KG | F39: 28.8 | G39: 13.11 | H39: 4.41 | I39: =G39+H39 -> 17.52 | J39: =G39*F39 -> 377.568 | K39: =H39*F39 -> 127.008 | L39: =I39*F39 -> 504.576 | M39: =ROUND(L39*(1+$M$4),2) -> 635.82
A40: 2.19 | B40: ABRIGO (150x100x150) PARA BOMBA EM ALVENARIA DE TIJOLOS - ALVENARIA | C40: 103332 | D40: ALVENARIA DE VEDAÇÃO DE BLOCOS CERÂMICOS FURADOS NA HORIZONTAL DE 9X14X19 CM (ESPESSURA 9 CM) E ARGAMASSA DE ASSENTAMENTO COM PREPARO EM BETONEIRA. AF_12/2021 | E40: M2 | F40: 1.9 | G40: 56.33 | H40: 56.58 | I40: =G40+H40 -> 112.91 | J40: =G40*F40 -> 107.027 | K40: =H40*F40 -> 107.502 | L40: =I40*F40 -> 214.529 | M40: =ROUND(L40*(1+$M$4),2) -> 270.33
A41: 2.20 | B41: ABRIGO (150x100x150) PARA BOMBA EM ALVENARIA DE TIJOLOS - FORMAS | C41: 96534 | D41: FABRICAÇÃO, MONTAGEM E DESMONTAGEM DE FÔRMA PARA BLOCO DE COROAMENTO, EM MADEIRA SERRADA, E=25 MM, 4 UTILIZAÇÕES. AF_06/2017 | E41: M2 | F41: 7.1 | G41: 59.01 | H41: 35.35 | I41: =G41+H41 -> 94.36 | J41: =G41*F41 -> 418.971 | K41: =H41*F41 -> 250.985 | L41: =I41*F41 -> 669.956 | M41: =ROUND(L41*(1+$M$4),2) -> 844.21
A42: 2.21 | B42: ABRIGO (150x100x150) PARA BOMBA EM ALVENARIA DE TIJOLOS - TERRA | C42: 94319 | D42: ATERRO MANUAL DE VALAS COM SOLO ARGILO-ARENOSO E COMPACTAÇÃO MECANIZADA. AF_05/2016 | E42: M3 | F42: 0.42 | G42: 52.3 | H42: 18.85 | I42: =G42+H42 -> 71.15 | J42: =G42*F42 -> 21.966 | K42: =H42*F42 -> 7.917 | L42: =I42*F42 -> 29.883 | M42: =ROUND(L42*(1+$M$4),2) -> 37.66
A43: 2.22 | B43: RES BOMBA | C43: 102115 | D43: BOMBA CENTRÍFUGA, TRIFÁSICA, 1,5 CV OU 1,48 HP, HM 10 A 70 M, Q 1,8 A 5,3 M3/H - FORNECIMENTO E INSTALAÇÃO. AF_12/2020 | E43: UN | F43: 1 | G43: 2141.1 | H43: 129.9 | I43: =G43+H43 -> 2271 | J43: =G43*F43 -> 2141.1 | K43: =H43*F43 -> 129.9 | L43: =ROUND(J43+K43,2) -> 2271 | M43: =ROUND(L43*(1+$M$4),2) -> 2861.69
A44: 2.23 | B44: RES BOMBA | C44: 101877 | D44: QUADRO DE DISTRIBUIÇÃO DE ENERGIA EM PVC, DE EMBUTIR, SEM BARRAMENTO, PARA 3 DISJUNTORES - FORNECIMENTO E INSTALAÇÃO. AF_10/2020 | E44: UN | F44: 1 | G44: 49.03 | H44: 10.27 | I44: =G44+H44 -> 59.3 | J44: =G44*F44 -> 49.03 | K44: =H44*F44 -> 10.27 | L44: =ROUND(J44+K44,2) -> 59.3 | M44: =ROUND(L44*(1+$M$4),2) -> 74.72
A45: 2.24 | B45: RES BOMBA | C45: 93665 | D45: DISJUNTOR BIPOLAR TIPO DIN, CORRENTE NOMINAL DE 40A - FORNECIMENTO E INSTALAÇÃO. AF_10/2020 | E45: UN | F45: 1 | G45: 68.29 | H45: 9.07 | I45: =G45+H45 -> 77.36 | J45: =G45*F45 -> 68.29 | K45: =H45*F45 -> 9.07 | L45: =ROUND(J45+K45,2) -> 77.36 | M45: =ROUND(L45*(1+$M$4),2) -> 97.48
A46: 2.25 | B46: RES BOMBA | C46: 91926 | D46: CABO DE COBRE FLEXÍVEL ISOLADO, 2,5 MM², ANTI-CHAMA 450/750 V, PARA CIRCUITOS TERMINAIS - FORNECIMENTO E INSTALAÇÃO. AF_12/2015 | E46: M | F46: 160 | G46: 3.04 | H46: 1 | I46: =G46+H46 -> 4.04 | J46: =G46*F46 -> 486.4 | K46: =H46*F46 -> 160 | L46: =ROUND(J46+K46,2) -> 646.4 | M46: =ROUND(L46*(1+$M$4),2) -> 814.53
A47: 2.26 | B47: RES - INC | C47: 92367 | D47: TUBO DE AÇO GALVANIZADO COM COSTURA, CLASSE MÉDIA, DN 65 (2 1/2"), CONEXÃO ROSQUEADA, INSTALADO EM REDE DE ALIMENTAÇÃO PARA HIDRANTE - FORNECIMENTO E INSTALAÇÃO. AF_10/2020 | E47: M | F47: 3 | G47: 122.28 | H47: 8.08 | I47: =G47+H47 -> 130.36 | J47: =G47*F47 -> 366.84 | K47: =H47*F47 -> 24.24 | L47: =ROUND(J47+K47,2) -> 391.08 | M47: =ROUND(L47*(1+$M$4),2) -> 492.8
A48: 2.27 | B48: RES - INC | C48: 94499 | D48: REGISTRO DE GAVETA BRUTO, LATÃO, ROSCÁVEL, 2 1/2" - FORNECIMENTO E INSTALAÇÃO. AF_08/2021 | E48: UN | F48: 1 | G48: 245.45 | H48: 15.01 | I48: =G48+H48 -> 260.46 | J48: =G48*F48 -> 245.45 | K48: =H48*F48 -> 15.01 | L48: =ROUND(J48+K48,2) -> 260.46 | M48: =ROUND(L48*(1+$M$4),2) -> 328.21
A49: 2.28 | B49: RES - INC | C49: 92377 | D49: NIPLE, EM FERRO GALVANIZADO, DN 65 (2 1/2"), CONEXÃO ROSQUEADA, INSTALADO EM REDE DE ALIMENTAÇÃO PARA HIDRANTE - FORNECIMENTO E INSTALAÇÃO. AF_10/2020 | E49: UN | F49: 4 | G49: 72.55 | H49: 24.31 | I49: =G49+H49 -> 96.86 | J49: =G49*F49 -> 290.2 | K49: =H49*F49 -> 97.24 | L49: =ROUND(J49+K49,2) -> 387.44 | M49: =ROUND(L49*(1+$M$4),2) -> 488.21
A50: 2.29 | B50: RES - INC | C50: 92390 | D50: JOELHO 90 GRAUS, EM FERRO GALVANIZADO, DN 65 (2 1/2"), CONEXÃO ROSQUEADA, INSTALADO EM REDE DE ALIMENTAÇÃO PARA HIDRANTE - FORNECIMENTO E INSTALAÇÃO. AF_10/2020 | E50: UN | F50: 2 | G50: 120.25 | H50: 36.47 | I50: =G50+H50 -> 156.72 | J50: =G50*F50 -> 240.5 | K50: =H50*F50 -> 72.94 | L50: =ROUND(J50+K50,2) -> 313.44 | M50: =ROUND(L50*(1+$M$4),2) -> 394.97
A51: 2.30 | B51: RES - INC | C51: 92378 | D51: LUVA, EM FERRO GALVANIZADO, DN 65 (2 1/2"), CONEXÃO ROSQUEADA, INSTALADO EM REDE DE ALIMENTAÇÃO PARA HIDRANTE - FORNECIMENTO E INSTALAÇÃO. AF_10/2020 | E51: UN | F51: 2 | G51: 84.55 | H51: 24.31 | I51: =G51+H51 -> 108.86 | J51: =G51*F51 -> 169.1 | K51: =H51*F51 -> 48.62 | L51: =ROUND(J51+K51,2) -> 217.72 | M51: =ROUND(L51*(1+$M$4),2) -> 274.35
A52: 2.31 | B52: RES - INC | C52: 99633 | D52: VÁLVULA DE RETENÇÃO VERTICAL, DE BRONZE, ROSCÁVEL, 3" - FORNECIMENTO E INSTALAÇÃO. AF_08/2021 | E52: UN | F52: 1 | G52: 365.31 | H52: 18.8 | I52: =G52+H52 -> 384.11 | J52: =G52*F52 -> 365.31 | K52: =H52*F52 -> 18.8 | L52: =ROUND(J52+K52,2) -> 384.11 | M52: =ROUND(L52*(1+$M$4),2) -> 484.02
A54: 3 | D54: EXECUÇÃO DE REDE DE HIDRANTES E INSTALAÇÃO DE BOMBAS | J54: =J55+J66+J88+J97+J106+J115+J124+J133+J143+J157+J177+J185+J194+J203+J212+J221+J230+J239+J249+J257 -> 270451.41 | K54: =K55+K66+K88+K97+K106+K115+K124+K133+K143+K157+K177+K185+K194+K203+K212+K221+K230+K239+K249+K257 -> 31306.464 | L54: =L55+L66+L88+L97+L106+L115+L124+L133+L143+L157+L177+L185+L194+L203+L212+L221+L230+L239+L249+L257 -> 301757.88 | M54: =M55+M66+M88+M97+M106+M115+M124+M133+M143+M157+M177+M185+M194+M203+M212+M221+M230+M239+M249+M257+M267 -> 383687.06
A55: 3.1 | D55: TUBULAÇÃO DE INCÊNDIO - RES. ATÉ BOMBA (SUCÇÃO) | J55: =SUM(J56:J64) -> 51680.05 | K55: =SUM(K56:K64) -> 7277.35 | L55: =SUM(L56:L64) -> 58957.4 | M55: =SUM(M56:M64) -> 74292.22 | N55: =M55 -> 74292.22
D56: NOTA: TRECHO: do reserv. às bombas H1_B1 e H2_B2( 290 m) (enterradas no mínimo 0,50 m)
A57: 3.1.1 | B57: ESCAVAÇÃO | C57: 90091 | D57: ESCAVAÇÃO MECANIZADA DE VALA COM PROF. ATÉ 1,5 M (MÉDIA MONTANTE E JUSANTE/UMA COMPOSIÇÃO POR TRECHO), ESCAVADEIRA (0,8 M3), LARG. DE 1,5 M A 2,5 M, EM SOLO DE 1A CATEGORIA, LOCAIS COM BAIXO NÍVEL DE INTERFERÊNCIA. AF_02/2021 | E57: M3 | F57: 55 | G57: 4.85 | H57: 1.17 | I57: =G57+H57 -> 6.02 | J57: =G57*F57 -> 266.75 | K57: =H57*F57 -> 64.35 | L57: =ROUND(J57+K57,2) -> 331.1 | M57: =ROUND(L57*(1+$M$4),2) -> 417.22
A58: 3.1.2 | B58: REATERRO | C58: 93376 | D58: REATERRO MECANIZADO DE VALA COM RETROESCAVADEIRA (CAPACIDADE DA CAÇAMBA DA RETRO: 0,26 M³ / POTÊNCIA: 88 HP), LARGURA ATÉ 0,8 M, PROFUNDIDADE DE 1,5 A 3,0 M, COM SOLO DE 1ª CATEGORIA EM LOCAIS COM ALTO NÍVEL DE INTERFERÊNCIA. AF_04/2016 | E58: M3 | F58: 55 | G58: 9.59 | H58: 6.42 | I58: =G58+H58 -> 16.01 | J58: =G58*F58 -> 527.45 | K58: =H58*F58 -> 353.1 | L58: =ROUND(J58+K58,2) -> 880.55 | M58: =ROUND(L58*(1+$M$4),2) -> 1109.58
A59: 3.1.3 | B59: TUBULAÇÃO (RES -> BOMBAS) | C59: 92367 | D59: TUBO DE AÇO GALVANIZADO COM COSTURA, CLASSE MÉDIA, DN 65 (2 1/2"), CONEXÃO ROSQUEADA, INSTALADO EM REDE DE ALIMENTAÇÃO PARA HIDRANTE - FORNECIMENTO E INSTALAÇÃO. AF_10/2020 | E59: M | F59: 300 | G59: 122.28 | H59: 8.08 | I59: =G59+H59 -> 130.36 | J59: =G59*F59 -> 36684 | K59: =H59*F59 -> 2424 | L59: =ROUND(J59+K59,2) -> 39108 | M59: =ROUND(L59*(1+$M$4),2) -> 49279.99
A60: 3.1.4 | B60: TUBULAÇÃO (RES -> BOMBAS) | C60: 92357 | D60: TÊ, EM FERRO GALVANIZADO, DN 65 (2 1/2"), CONEXÃO ROSQUEADA, INSTALADO EM PRUMADAS - FORNECIMENTO E INSTALAÇÃO. AF_10/2020 | E60: UN | F60: 1 | G60: 165.36 | H60: 46.36 | I60: =G60+H60 -> 211.72 | J60: =G60*F60 -> 165.36 | K60: =H60*F60 -> 46.36 | L60: =ROUND(J60+K60,2) -> 211.72 | M60: =ROUND(L60*(1+$M$4),2) -> 266.79
A61: 3.1.5 | B61: TUBULAÇÃO (RES -> BOMBAS) | C61: 92353 | D61: JOELHO 90 GRAUS, EM FERRO GALVANIZADO, DN 65 (2 1/2"), CONEXÃO ROSQUEADA, INSTALADO EM PRUMADAS - FORNECIMENTO E INSTALAÇÃO. AF_10/2020 | E61: UN | F61: 5 | G61: 119.61 | H61: 34.76 | I61: =G61+H61 -> 154.37 | J61: =G61*F61 -> 598.05 | K61: =H61*F61 -> 173.8 | L61: =ROUND(J61+K61,2) -> 771.85 | M61: =ROUND(L61*(1+$M$4),2) -> 972.61
A62: 3.1.6 | B62: RES BOMBA | C62: 92352 | D62: JOELHO 45 GRAUS, EM FERRO GALVANIZADO, DN 65 (2 1/2"), CONEXÃO ROSQUEADA, INSTALADO EM PRUMADAS - FORNECIMENTO E INSTALAÇÃO. AF_10/2020 | E62: UN | F62: 4 | G62: 131.36 | H62: 34.76 | I62: =G62+H62 -> 166.12 | J62: =G62*F62 -> 525.44 | K62: =H62*F62 -> 139.04 | L62: =ROUND(J62+K62,2) -> 664.48 | M62: =ROUND(L62*(1+$M$4),2) -> 837.31
A63: 3.1.7 | B63: RES BOMBA | C63: 92347 | D63: LUVA, EM FERRO GALVANIZADO, DN 65 (2 1/2"), CONEXÃO ROSQUEADA, INSTALADO EM PRUMADAS - FORNECIMENTO E INSTALAÇÃO. AF_10/2020 | E63: UN | F63: =F59/6 -> 50 | G63: 84.14 | H63: 23.19 | I63: =G63+H63 -> 107.33 | J63: =G63*F63 -> 4207 | K63: =H63*F63 -> 1159.5 | L63: =ROUND(J63+K63,2) -> 5366.5 | M63: =ROUND(L63*(1+$M$4),2) -> 6762.33
A64: 3.1.8 | B64: NIPLE | C64: 92377 | D64: NIPLE, EM FERRO GALVANIZADO, DN 65 (2 1/2"), CONEXÃO ROSQUEADA, INSTALADO EM REDE DE ALIMENTAÇÃO PARA HIDRANTE - FORNECIMENTO E INSTALAÇÃO. AF_10/2020 | E64: UN | F64: 120 | G64: 72.55 | H64: 24.31 | I64: =G64+H64 -> 96.86 | J64: =G64*F64 -> 8706 | K64: =H64*F64 -> 2917.2 | L64: =ROUND(J64+K64,2) -> 11623.2 | M64: =ROUND(L64*(1+$M$4),2) -> 14646.39
A66: 3.2 | D66: BOMBA H1/B1 | J66: =SUM(J67:J86) -> 15111.106 | K66: =SUM(K67:K86) -> 1483.87 | L66: =SUM(L67:L86) -> 16594.976 | M66: =SUM(M67:M86) -> 20911.34 | N66: =M66 -> 20911.34
A67: 3.2.1 | B67: ABRIGO (150x100x150) PARA BOMBA EM ALVENARIA DE TIJOLO - CONCRETO | C67: 94964 | D67: CONCRETO FCK = 20MPA, TRAÇO 1:2,7:3 (EM MASSA SECA DE CIMENTO/ AREIA MÉDIA/ BRITA 1) - PREPARO MECÂNICO COM BETONEIRA 400 L. AF_05/2021 | E67: M3 | F67: 0.4 | G67: 341.21 | H67: 55.52 | I67: =G67+H67 -> 396.73 | J67: =G67*F67 -> 136.484 | K67: =H67*F67 -> 22.208 | L67: =I67*F67 -> 158.692 | M67: =ROUND(L67*(1+$M$4),2) -> 199.97
A68: 3.2.2 | B68: ABRIGO (150x100x150) PARA BOMBA EM ALVENARIA DE TIJOLOS - FERRAGEM | C68: 92776 | D68: ARMAÇÃO DE PILAR OU VIGA DE UMA ESTRUTURA CONVENCIONAL DE CONCRETO ARMADO EM UMA EDIFICAÇÃO TÉRREA OU SOBRADO UTILIZANDO AÇO CA-50 DE 6,3 MM - MONTAGEM. AF_12/2015 | E68: KG | F68: 28.8 | G68: 13.11 | H68: 4.41 | I68: =G68+H68 -> 17.52 | J68: =G68*F68 -> 377.568 | K68: =H68*F68 -> 127.008 | L68: =I68*F68 -> 504.576 | M68: =ROUND(L68*(1+$M$4),2) -> 635.82
A69: 3.2.3 | B69: ABRIGO (150x100x150) PARA BOMBA EM ALVENARIA DE TIJOLOS - ALVENARIA | C69: 103332 | D69: ALVENARIA DE VEDAÇÃO DE BLOCOS CERÂMICOS FURADOS NA HORIZONTAL DE 9X14X19 CM (ESPESSURA 9 CM) E ARGAMASSA DE ASSENTAMENTO COM PREPARO EM BETONEIRA. AF_12/2021 | E69: M2 | F69: 1.9 | G69: 56.33 | H69: 56.58 | I69: =G69+H69 -> 112.91 | J69: =G69*F69 -> 107.027 | K69: =H69*F69 -> 107.502 | L69: =I69*F69 -> 214.529 | M69: =ROUND(L69*(1+$M$4),2) -> 270.33
A70: 3.2.4 | B70: ABRIGO (150x100x150) PARA BOMBA EM ALVENARIA DE TIJOLOS - FORMAS | C70: 96534 | D70: FABRICAÇÃO, MONTAGEM E DESMONTAGEM DE FÔRMA PARA BLOCO DE COROAMENTO, EM MADEIRA SERRADA, E=25 MM, 4 UTILIZAÇÕES. AF_06/2017 | E70: M2 | F70: 7.1 | G70: 59.01 | H70: 35.35 | I70: =G70+H70 -> 94.36 | J70: =G70*F70 -> 418.971 | K70: =H70*F70 -> 250.985 | L70: =I70*F70 -> 669.956 | M70: =ROUND(L70*(1+$M$4),2) -> 844.21
A71: 3.2.5 | B71: ABRIGO (150x100x150) PARA BOMBA EM ALVENARIA DE TIJOLOS - TERRA | C71: 94319 | D71: ATERRO MANUAL DE VALAS COM SOLO ARGILO-ARENOSO E COMPACTAÇÃO MECANIZADA. AF_05/2016 | E71: M3 | F71: 0.42 | G71: 52.3 | H71: 18.85 | I71: =G71+H71 -> 71.15 | J71: =G71*F71 -> 21.966 | K71: =H71*F71 -> 7.917 | L71: =I71*F71 -> 29.883 | M71: =ROUND(L71*(1+$M$4),2) -> 37.66
A72: 3.2.6 | D72: INST.ELÉTRICA BOMBA
A73: 3.2.7 | B73: BOMBA CENTRIFUGA B1 | C73: 08219/ORSE | D73: Conjunto moto-bomba Schneider motor 10CV, trifásico (ou similar) | E73: UN | F73: 1 | G73: 10211.91 | H73: 40.96 | I73: =G73+H73 -> 10252.87 | J73: =G73*F73 -> 10211.91 | K73: =H73*F73 -> 40.96 | L73: =ROUND(J73+K73,2) -> 10252.87 | M73: =ROUND(L73*(1+$M$4),2) -> 12919.64
A74: 3.2.8 | B74: ALIMENTAÇÃO ELÉTRICA BOMBA | C74: 91926 | D74: CABO DE COBRE FLEXÍVEL ISOLADO, 2,5 MM², ANTI-CHAMA 450/750 V, PARA CIRCUITOS TERMINAIS - FORNECIMENTO E INSTALAÇÃO. AF_12/2015 | E74: M | F74: =4*40 -> 160 | G74: 3.04 | H74: 1 | I74: =G74+H74 -> 4.04 | J74: =G74*F74 -> 486.4 | K74: =H74*F74 -> 160 | L74: =ROUND(J74+K74,2) -> 646.4 | M74: =ROUND(L74*(1+$M$4),2) -> 814.53
A75: 3.2.9 | B75: ALIMENTAÇÃO ELÉTRICA BOMBA | C75: 91837 | D75: ELETRODUTO FLEXÍVEL CORRUGADO REFORÇADO, PVC, DN 32 MM (1"), PARA CIRCUITOS TERMINAIS, INSTALADO EM FORRO - FORNECIMENTO E INSTALAÇÃO. AF_12/2015 | E75: M | F75: 40 | G75: 12.15 | H75: 4.45 | I75: =G75+H75 -> 16.6 | J75: =G75*F75 -> 486 | K75: =H75*F75 -> 178 | L75: =ROUND(J75+K75,2) -> 664 | M75: =ROUND(L75*(1+$M$4),2) -> 836.71
A76: 3.2.10 | B76: ALIMENTAÇÃO ELÉTRICA BOMBA | C76: 90091 | D76: ESCAVAÇÃO MECANIZADA DE VALA COM PROF. ATÉ 1,5 M (MÉDIA MONTANTE E JUSANTE/UMA COMPOSIÇÃO POR TRECHO), ESCAVADEIRA (0,8 M3), LARG. DE 1,5 M A 2,5 M, EM SOLO DE 1A CATEGORIA, LOCAIS COM BAIXO NÍVEL DE INTERFERÊNCIA. AF_02/2021 | E76: M3 | F76: =40*0.3*0.5 -> 6 | G76: 4.85 | H76: 1.17 | I76: =G76+H76 -> 6.02 | J76: =G76*F76 -> 29.1 | K76: =H76*F76 -> 7.02 | L76: =ROUND(J76+K76,2) -> 36.12 | M76: =ROUND(L76*(1+$M$4),2) -> 45.51
A77: 3.2.11 | B77: ALIMENTAÇÃO ELÉTRICA BOMBA | C77: 93376 | D77: REATERRO MECANIZADO DE VALA COM RETROESCAVADEIRA (CAPACIDADE DA CAÇAMBA DA RETRO: 0,26 M³ / POTÊNCIA: 88 HP), LARGURA ATÉ 0,8 M, PROFUNDIDADE DE 1,5 A 3,0 M, COM SOLO DE 1ª CATEGORIA EM LOCAIS COM ALTO NÍVEL DE INTERFERÊNCIA. AF_04/2016 | E77: M3 | F77: =40*0.3*0.5 -> 6 | G77: 9.59 | H77: 6.42 | I77: =G77+H77 -> 16.01 | J77: =G77*F77 -> 57.54 | K77: =H77*F77 -> 38.52 | L77: =ROUND(J77+K77,2) -> 96.06 | M77: =ROUND(L77*(1+$M$4),2) -> 121.05
A78: 3.2.12 | B78: TUBULAÇÃO | C78: 92367 | D78: TUBO DE AÇO GALVANIZADO COM COSTURA, CLASSE MÉDIA, DN 65 (2 1/2"), CONEXÃO ROSQUEADA, INSTALADO EM REDE DE ALIMENTAÇÃO PARA HIDRANTE - FORNECIMENTO E INSTALAÇÃO. AF_10/2020 | E78: M | F78: 4 | G78: 122.28 | H78: 8.08 | I78: =G78+H78 -> 130.36 | J78: =G78*F78 -> 489.12 | K78: =H78*F78 -> 32.32 | L78: =ROUND(J78+K78,2) -> 521.44 | M78: =ROUND(L78*(1+$M$4),2) -> 657.07
A79: 3.2.13 | B79: JOELHO | C79: 92353 | D79: JOELHO 90 GRAUS, EM FERRO GALVANIZADO, DN 65 (2 1/2"), CONEXÃO ROSQUEADA, INSTALADO EM PRUMADAS - FORNECIMENTO E INSTALAÇÃO. AF_10/2020 | E79: UN | F79: 5 | G79: 119.61 | H79: 34.76 | I79: =G79+H79 -> 154.37 | J79: =G79*F79 -> 598.05 | K79: =H79*F79 -> 173.8 | L79: =ROUND(J79+K79,2) -> 771.85 | M79: =ROUND(L79*(1+$M$4),2) -> 972.61
A80: 3.2.14 | B80: R.G | C80: 94499 | D80: REGISTRO DE GAVETA BRUTO, LATÃO, ROSCÁVEL, 2 1/2" - FORNECIMENTO E INSTALAÇÃO. AF_08/2021 | E80: UN | F80: 2 | G80: 245.45 | H80: 15.01 | I80: =G80+H80 -> 260.46 | J80: =G80*F80 -> 490.9 | K80: =H80*F80 -> 30.02 | L80: =ROUND(J80+K80,2) -> 520.92 | M80: =ROUND(L80*(1+$M$4),2) -> 656.41
A81: 3.2.15 | B81: V.R.V | C81: 99633 | D81: VÁLVULA DE RETENÇÃO VERTICAL, DE BRONZE, ROSCÁVEL, 3" - FORNECIMENTO E INSTALAÇÃO. AF_08/2021 | E81: UN | F81: 1 | G81: 365.31 | H81: 18.8 | I81: =G81+H81 -> 384.11 | J81: =G81*F81 -> 365.31 | K81: =H81*F81 -> 18.8 | L81: =ROUND(J81+K81,2) -> 384.11 | M81: =ROUND(L81*(1+$M$4),2) -> 484.02
A82: 3.2.16 | B82: NIPLE | C82: 92377 | D82: NIPLE, EM FERRO GALVANIZADO, DN 65 (2 1/2"), CONEXÃO ROSQUEADA, INSTALADO EM REDE DE ALIMENTAÇÃO PARA HIDRANTE - FORNECIMENTO E INSTALAÇÃO. AF_10/2020 | E82: UN | F82: 8 | G82: 72.55 | H82: 24.31 | I82: =G82+H82 -> 96.86 | J82: =G82*F82 -> 580.4 | K82: =H82*F82 -> 194.48 | L82: =ROUND(J82+K82,2) -> 774.88 | M82: =ROUND(L82*(1+$M$4),2) -> 976.43
A83: 3.2.17 | B83: QUADRO DE DISTRIBUIÇÃO | C83: 101877 | D83: QUADRO DE DISTRIBUIÇÃO DE ENERGIA EM PVC, DE EMBUTIR, SEM BARRAMENTO, PARA 3 DISJUNTORES - FORNECIMENTO E INSTALAÇÃO. AF_10/2020 | E83: UN | F83: 1 | G83: 49.03 | H83: 10.27 | I83: =G83+H83 -> 59.3 | J83: =G83*F83 -> 49.03 | K83: =H83*F83 -> 10.27 | L83: =ROUND(J83+K83,2) -> 59.3 | M83: =ROUND(L83*(1+$M$4),2) -> 74.72
A84: 3.2.18 | B84: MONTAGEM ELÉTRICA BOMBA | C84: 102136 | D84: INSTALAÇÃO DE QUADRO ELÉTRICO PARA BOMBAS TRIFÁSICAS ATÉ 25 CV (NÃO INCLUI O FORNECIMENTO DO QUADRO). AF_12/2020 | E84: UN | F84: 1 | G84: 19.62 | H84: 47.14 | I84: =G84+H84 -> 66.76 | J84: =G84*F84 -> 19.62 | K84: =H84*F84 -> 47.14 | L84: =ROUND(J84+K84,2) -> 66.76 | M84: =ROUND(L84*(1+$M$4),2) -> 84.12
A85: 3.2.19 | B85: DISJUNTOR | C85: 93665 | D85: DISJUNTOR BIPOLAR TIPO DIN, CORRENTE NOMINAL DE 40A - FORNECIMENTO E INSTALAÇÃO. AF_10/2020 | E85: UN | F85: 1 | G85: 68.29 | H85: 9.07 | I85: =G85+H85 -> 77.36 | J85: =G85*F85 -> 68.29 | K85: =H85*F85 -> 9.07 | L85: =ROUND(J85+K85,2) -> 77.36 | M85: =ROUND(L85*(1+$M$4),2) -> 97.48
A86: 3.2.20 | B86: MANÔMETRO | C86: 101917 | D86: MANÔMETRO 0 A 200 PSI (0 A 14 KGF/CM2), D = 50MM - FORNECIMENTO E INSTALAÇÃO. AF_10/2020 | E86: UN | F86: 1 | G86: 117.42 | H86: 27.85 | I86: =G86+H86 -> 145.27 | J86: =G86*F86 -> 117.42 | K86: =H86*F86 -> 27.85 | L86: =ROUND(J86+K86,2) -> 145.27 | M86: =ROUND(L86*(1+$M$4),2) -> 183.05
A88: 3.3 | D88: HIDRANTE H1/01 | J88: =SUM(J89:J95) -> 9196.09 | K88: =SUM(K89:K95) -> 794.2 | L88: =SUM(L89:L95) -> 9990.29 | M88: =SUM(M89:M95) -> 12588.75 | N88: =M88 -> 12588.75
A89: 3.3.1 | B89: TUBULAÇÃO | C89: 92367 | D89: TUBO DE AÇO GALVANIZADO COM COSTURA, CLASSE MÉDIA, DN 65 (2 1/2"), CONEXÃO ROSQUEADA, INSTALADO EM REDE DE ALIMENTAÇÃO PARA HIDRANTE - FORNECIMENTO E INSTALAÇÃO. AF_10/2020 | E89: M | F89: =45+2 -> 47 | G89: 122.28 | H89: 8.08 | I89: =G89+H89 -> 130.36 | J89: =G89*F89 -> 5747.16 | K89: =H89*F89 -> 379.76 | L89: =ROUND(J89+K89,2) -> 6126.92 | M89: =ROUND(L89*(1+$M$4),2) -> 7720.53
A90: 3.3.2 | B90: TÊ | C90: 92357 | D90: TÊ, EM FERRO GALVANIZADO, DN 65 (2 1/2"), CONEXÃO ROSQUEADA, INSTALADO EM PRUMADAS - FORNECIMENTO E INSTALAÇÃO. AF_10/2020 | E90: UN | F90: 1 | G90: 165.36 | H90: 46.36 | I90: =G90+H90 -> 211.72 | J90: =G90*F90 -> 165.36 | K90: =H90*F90 -> 46.36 | L90: =ROUND(J90+K90,2) -> 211.72 | M90: =ROUND(L90*(1+$M$4),2) -> 266.79
A91: 3.3.3 | B91: ABRIGO | C91: 96765 ADAPTADO | D91: ABRIGO PARA HIDRANTE, 90X60X17CM, COM REGISTRO GLOBO ANGULAR 45 GRAUS 2 1/2", ADAPTADOR STORZ 2 1/2", SEM MANGUEIRA, REDUÇÃO 2 1/2" X 1 1/2" E ESGUICHO EM LATÃO 1 1/2" - FORNECIMENTO E INSTALAÇÃO. AF_10/2020 | E91: UN | F91: 1 | G91: =1474.05-393.22 -> 1080.83 | H91: 100.35 | I91: =G91+H91 -> 1181.18 | J91: =G91*F91 -> 1080.83 | K91: =H91*F91 -> 100.35 | L91: =ROUND(J91+K91,2) -> 1181.18 | M91: =ROUND(L91*(1+$M$4),2) -> 1488.4
A92: 3.3.4 | B92: MANGUEIRA | C92: 21034 INS | D92: MANGUEIRA DE INCENDIO, TIPO 2, DE 2 1/2", COMPRIMENTO = 15 M, TECIDO EM FIO DE POLIESTER E TUBO INTERNO EM BORRACHA SINTETICA, COM UNIOES ENGATE RAPIDO | E92: UN | F92: 2 | G92: 633.26 | H92: 0 | I92: =G92+H92 -> 633.26 | J92: =G92*F92 -> 1266.52 | K92: =H92*F92 -> 0 | L92: =ROUND(J92+K92,2) -> 1266.52 | M92: =ROUND(L92*(1+$M$4),2) -> 1595.94
A93: 3.3.5 | B93: LUVA | C93: 92347 | D93: LUVA, EM FERRO GALVANIZADO, DN 65 (2 1/2"), CONEXÃO ROSQUEADA, INSTALADO EM PRUMADAS - FORNECIMENTO E INSTALAÇÃO. AF_10/2020 | E93: UN | F93: 6 | G93: 84.14 | H93: 23.19 | I93: =G93+H93 -> 107.33 | J93: =G93*F93 -> 504.84 | K93: =H93*F93 -> 139.14 | L93: =ROUND(J93+K93,2) -> 643.98 | M93: =ROUND(L93*(1+$M$4),2) -> 811.48
A94: 3.3.6 | B94: JOELHO | C94: 92353 | D94: JOELHO 90 GRAUS, EM FERRO GALVANIZADO, DN 65 (2 1/2"), CONEXÃO ROSQUEADA, INSTALADO EM PRUMADAS - FORNECIMENTO E INSTALAÇÃO. AF_10/2020 | E94: UN | F94: 3 | G94: 119.61 | H94: 34.76 | I94: =G94+H94 -> 154.37 | J94: =G94*F94 -> 358.83 | K94: =H94*F94 -> 104.28 | L94: =ROUND(J94+K94,2) -> 463.11 | M94: =ROUND(L94*(1+$M$4),2) -> 583.56
A95: 3.3.7 | B95: NIPLE | C95: 92377 | D95: NIPLE, EM FERRO GALVANIZADO, DN 65 (2 1/2"), CONEXÃO ROSQUEADA, INSTALADO EM REDE DE ALIMENTAÇÃO PARA HIDRANTE - FORNECIMENTO E INSTALAÇÃO. AF_10/2020 | E95: UN | F95: 1 | G95: 72.55 | H95: 24.31 | I95: =G95+H95 -> 96.86 | J95: =G95*F95 -> 72.55 | K95: =H95*F95 -> 24.31 | L95: =ROUND(J95+K95,2) -> 96.86 | M95: =ROUND(L95*(1+$M$4),2) -> 122.05
A97: 3.4 | D97: HIDRANTE H1/02 E H1/03 | J97: =SUM(J98:J104) -> 16175.42 | K97: =SUM(K98:K104) -> 1336.14 | L97: =SUM(L98:L104) -> 17511.56 | M97: =SUM(M98:M104) -> 22066.32 | N97: =M97 -> 22066.32
A98: 3.4.1 | B98: TUBULAÇÃO | C98: 92367 | D98: TUBO DE AÇO GALVANIZADO COM COSTURA, CLASSE MÉDIA, DN 65 (2 1/2"), CONEXÃO ROSQUEADA, INSTALADO EM REDE DE ALIMENTAÇÃO PARA HIDRANTE - FORNECIMENTO E INSTALAÇÃO. AF_10/2020 | E98: M | F98: 80 | G98: 122.28 | H98: 8.08 | I98: =G98+H98 -> 130.36 | J98: =G98*F98 -> 9782.4 | K98: =H98*F98 -> 646.4 | L98: =ROUND(J98+K98,2) -> 10428.8 | M98: =ROUND(L98*(1+$M$4),2) -> 13141.33
A99: 3.4.2 | B99: TÊ | C99: 92357 | D99: TÊ, EM FERRO GALVANIZADO, DN 65 (2 1/2"), CONEXÃO ROSQUEADA, INSTALADO EM PRUMADAS - FORNECIMENTO E INSTALAÇÃO. AF_10/2020 | E99: UN | F99: 2 | G99: 165.36 | H99: 46.36 | I99: =G99+H99 -> 211.72 | J99: =G99*F99 -> 330.72 | K99: =H99*F99 -> 92.72 | L99: =ROUND(J99+K99,2) -> 423.44 | M99: =ROUND(L99*(1+$M$4),2) -> 533.58
A100: 3.4.3 | B100: ABRIGO | C100: 96765 ADAPTADO | D100: ABRIGO PARA HIDRANTE, 90X60X17CM, COM REGISTRO GLOBO ANGULAR 45 GRAUS 2 1/2", ADAPTADOR STORZ 2 1/2", SEM MANGUEIRA, REDUÇÃO 2 1/2" X 1 1/2" E ESGUICHO EM LATÃO 1 1/2" - FORNECIMENTO E INSTALAÇÃO. AF_10/2020 | E100: UN | F100: 2 | G100: =1474.05-393.22 -> 1080.83 | H100: 100.35 | I100: =G100+H100 -> 1181.18 | J100: =G100*F100 -> 2161.66 | K100: =H100*F100 -> 200.7 | L100: =ROUND(J100+K100,2) -> 2362.36 | M100: =ROUND(L100*(1+$M$4),2) -> 2976.81
A101: 3.4.4 | B101: MANGUEIRA | C101: 21034 INS | D101: MANGUEIRA DE INCENDIO, TIPO 2, DE 2 1/2", COMPRIMENTO = 15 M, TECIDO EM FIO DE POLIESTER E TUBO INTERNO EM BORRACHA SINTETICA, COM UNIOES ENGATE RAPIDO | E101: UN | F101: 4 | G101: 633.26 | H101: 0 | I101: =G101+H101 -> 633.26 | J101: =G101*F101 -> 2533.04 | K101: =H101*F101 -> 0 | L101: =ROUND(J101+K101,2) -> 2533.04 | M101: =ROUND(L101*(1+$M$4),2) -> 3191.88
A102: 3.4.5 | B102: LUVA | C102: 92347 | D102: LUVA, EM FERRO GALVANIZADO, DN 65 (2 1/2"), CONEXÃO ROSQUEADA, INSTALADO EM PRUMADAS - FORNECIMENTO E INSTALAÇÃO. AF_10/2020 | E102: UN | F102: 6 | G102: 84.14 | H102: 23.19 | I102: =G102+H102 -> 107.33 | J102: =G102*F102 -> 504.84 | K102: =H102*F102 -> 139.14 | L102: =ROUND(J102+K102,2) -> 643.98 | M102: =ROUND(L102*(1+$M$4),2) -> 811.48
A103: 3.4.6 | B103: JOELHO | C103: 92353 | D103: JOELHO 90 GRAUS, EM FERRO GALVANIZADO, DN 65 (2 1/2"), CONEXÃO ROSQUEADA, INSTALADO EM PRUMADAS - FORNECIMENTO E INSTALAÇÃO. AF_10/2020 | E103: UN | F103: 6 | G103: 119.61 | H103: 34.76 | I103: =G103+H103 -> 154.37 | J103: =G103*F103 -> 717.66 | K103: =H103*F103 -> 208.56 | L103: =ROUND(J103+K103,2) -> 926.22 | M103: =ROUND(L103*(1+$M$4),2) -> 1167.13
A104: 3.4.7 | B104: NIPLE | C104: 92377 | D104: NIPLE, EM FERRO GALVANIZADO, DN 65 (2 1/2"), CONEXÃO ROSQUEADA, INSTALADO EM REDE DE ALIMENTAÇÃO PARA HIDRANTE - FORNECIMENTO E INSTALAÇÃO. AF_10/2020 | E104: UN | F104: 2 | G104: 72.55 | H104: 24.31 | I104: =G104+H104 -> 96.86 | J104: =G104*F104 -> 145.1 | K104: =H104*F104 -> 48.62 | L104: =ROUND(J104+K104,2) -> 193.72 | M104: =ROUND(L104*(1+$M$4),2) -> 244.11
A106: 3.5 | D106: HIDRANTE H1/04 E H1/05 | J106: =SUM(J107:J113) -> 16534.5 | K106: =SUM(K107:K113) -> 1467.12 | L106: =SUM(L107:L113) -> 18001.62 | M106: =SUM(M107:M113) -> 22683.84 | N106: =M106 -> 22683.84
A107: 3.5.1 | B107: TUBULAÇÃO | C107: 92367 | D107: TUBO DE AÇO GALVANIZADO COM COSTURA, CLASSE MÉDIA, DN 65 (2 1/2"), CONEXÃO ROSQUEADA, INSTALADO EM REDE DE ALIMENTAÇÃO PARA HIDRANTE - FORNECIMENTO E INSTALAÇÃO. AF_10/2020 | E107: M | F107: 79 | G107: 122.28 | H107: 8.08 | I107: =G107+H107 -> 130.36 | J107: =G107*F107 -> 9660.12 | K107: =H107*F107 -> 638.32 | L107: =ROUND(J107+K107,2) -> 10298.44 | M107: =ROUND(L107*(1+$M$4),2) -> 12977.06
A108: 3.5.2 | B108: TÊ | C108: 92357 | D108: TÊ, EM FERRO GALVANIZADO, DN 65 (2 1/2"), CONEXÃO ROSQUEADA, INSTALADO EM PRUMADAS - FORNECIMENTO E INSTALAÇÃO. AF_10/2020 | E108: UN | F108: 1 | G108: 165.36 | H108: 46.36 | I108: =G108+H108 -> 211.72 | J108: =G108*F108 -> 165.36 | K108: =H108*F108 -> 46.36 | L108: =ROUND(J108+K108,2) -> 211.72 | M108: =ROUND(L108*(1+$M$4),2) -> 266.79
A109: 3.5.3 | B109: ABRIGO | C109: 96765 ADAPTADO | D109: ABRIGO PARA HIDRANTE, 90X60X17CM, COM REGISTRO GLOBO ANGULAR 45 GRAUS 2 1/2", ADAPTADOR STORZ 2 1/2", SEM MANGUEIRA, REDUÇÃO 2 1/2" X 1 1/2" E ESGUICHO EM LATÃO 1 1/2" - FORNECIMENTO E INSTALAÇÃO. AF_10/2020 | E109: UN | F109: 2 | G109: =1474.05-393.22 -> 1080.83 | H109: 100.35 | I109: =G109+H109 -> 1181.18 | J109: =G109*F109 -> 2161.66 | K109: =H109*F109 -> 200.7 | L109: =ROUND(J109+K109,2) -> 2362.36 | M109: =ROUND(L109*(1+$M$4),2) -> 2976.81
A110: 3.5.4 | B110: MANGUEIRA | C110: 21034 INS | D110: MANGUEIRA DE INCENDIO, TIPO 2, DE 2 1/2", COMPRIMENTO = 15 M, TECIDO EM FIO DE POLIESTER E TUBO INTERNO EM BORRACHA SINTETICA, COM UNIOES ENGATE RAPIDO | E110: UN | F110: 4 | G110: 633.26 | H110: 0 | I110: =G110+H110 -> 633.26 | J110: =G110*F110 -> 2533.04 | K110: =H110*F110 -> 0 | L110: =ROUND(J110+K110,2) -> 2533.04 | M110: =ROUND(L110*(1+$M$4),2) -> 3191.88
A111: 3.5.5 | B111: LUVA | C111: 92347 | D111: LUVA, EM FERRO GALVANIZADO, DN 65 (2 1/2"), CONEXÃO ROSQUEADA, INSTALADO EM PRUMADAS - FORNECIMENTO E INSTALAÇÃO. AF_10/2020 | E111: UN | F111: 8 | G111: 84.14 | H111: 23.19 | I111: =G111+H111 -> 107.33 | J111: =G111*F111 -> 673.12 | K111: =H111*F111 -> 185.52 | L111: =ROUND(J111+K111,2) -> 858.64 | M111: =ROUND(L111*(1+$M$4),2) -> 1081.97
...

Sheet COMPOSIÇÕES
D3: UNIVERSIDADE ESTADUAL DO NORTE DO PARANÁ
D4: CNPJ: 08.885.100/0001-54
D5: OBRA : INSTALAÇÕES DE PREVENÇÃO CONTRA INCÊNDIO E PÂNICO DO CLM
D6: Local: CAMPUS LUIZ MENEGHEL
D7: Data do orçamento: AGOSTO DE 2022
D8: REFERÊNCIA DE PREÇOS : SINAPI_ref_Insumos_Composicoes_PR_052022_Desonerado // ORSE ABRIL 2022 // SICRO 2022
D9: RESP PROJETO: ENG.CIVIL LINCOLN MAKOTO NOZAKI CREA PR 9555/D
A13: COMP. 01 | B13: SISTEMA DE PROTEÇÃO E ATERRAMENTO DE RESERVATÓRIO METÁLICO. INCLUSIVE PARA RAIO, CORDOALHAS, ELETRODUTOS E ATERRAMENTO COM HASTE DE COBRE | D13: UN | E13: VALORES
A14: RESUMO | B14: COMPOSIÇÃO | F14: VALOR UNITÁRIO (SEM BDI) | I14: VALOR TOTAL (SEM BDI)
A15: DESCRIÇÃO | B15: CÓDIGO | C15: ITEM | D15: UNIDADE | E15: QNT. | F15: MAT. + EQUIP. | G15: MÃO DE OBRA | H15: VALOR TOTAL | I15: MAT. + EQUIP. | J15: MÃO DE OBRA | K15: VALOR TOTAL
A16: CORDOALHA | B16: 96973 | C16: CORDOALHA DE COBRE NU 35 MM², NÃO ENTERRADA, COM ISOLADOR - FORNECIMENTO E INSTALAÇÃO. AF_12/2017 | D16: M | E16: 16 | F16: 49.55 | G16: 13.79 | H16: =F16+G16 -> 63.34 | I16: =F16*E16 -> 792.8 | J16: =G16*E16 -> 220.64 | K16: =I16+J16 -> 1013.44
A17: ELETRODUTO | B17: 96984 | C17: ELETRODUTO PVC 40MM (1 ¼ ) PARA SPDA - FORNECIMENTO E INSTALAÇÃO. AF_12/2017 | D17: UN | E17: 1 | F17: 33.36 | G17: 27.82 | H17: =F17+G17 -> 61.18 | I17: =F17*E17 -> 33.36 | J17: =G17*E17 -> 27.82 | K17: =I17+J17 -> 61.18
A18: HASTE | B18: 96986 | C18: HASTE DE ATERRAMENTO 3/4 PARA SPDA - FORNECIMENTO E INSTALAÇÃO. AF_12/2017 | D18: UN | E18: 1 | F18: 123.85 | G18: 13.25 | H18: =F18+G18 -> 137.1 | I18: =F18*E18 -> 123.85 | J18: =G18*E18 -> 13.25 | K18: =I18+J18 -> 137.1
A19: BASE METÁLICA | B19: 96987 | C19: BASE METÁLICA PARA MASTRO 1 ½ PARA SPDA - FORNECIMENTO E INSTALAÇÃO. AF_12/2017 | D19: UN | E19: 1 | F19: 74.49 | G19: 38.02 | H19: =F19+G19 -> 112.51 | I19: =F19*E19 -> 74.49 | J19: =G19*E19 -> 38.02 | K19: =I19+J19 -> 112.51
A20: MASTRO | B20: 96988 | C20: MASTRO 1 ½ PARA SPDA - FORNECIMENTO E INSTALAÇÃO. AF_12/2017 | D20: UN | E20: 1 | F20: 177.71 | G20: 5.29 | H20: =F20+G20 -> 183 | I20: =F20*E20 -> 177.71 | J20: =G20*E20 -> 5.29 | K20: =I20+J20 -> 183
A21: CAPTOR FRANKLIN | B21: 96989 | C21: CAPTOR TIPO FRANKLIN PARA SPDA - FORNECIMENTO E INSTALAÇÃO. AF_12/2017 | D21: UN | E21: 1 | F21: 148.96 | G21: 4.22 | H21: =F21+G21 -> 153.18 | I21: =F21*E21 -> 148.96 | J21: =G21*E21 -> 4.22 | K21: =I21+J21 -> 153.18
A22: SUPORTE | B22: 98463 | C22: SUPORTE ISOLADOR PARA CORDOALHA DE COBRE - FORNECIMENTO E INSTALAÇÃO. AF_12/2017 | D22: UN | E22: 12 | F22: 13.26 | G22: 10.65 | H22: =F22+G22 -> 23.91 | I22: =F22*E22 -> 159.12 | J22: =G22*E22 -> 127.8 | K22: =I22+J22 -> 286.92
E23: Total: | I23: =SUM(I16:I22) -> 1510.29 | J23: =SUM(J16:J22) -> 437.04 | K23: =SUM(K16:K22) -> 1947.33
A25: COMP. 02 | B25: PERFURAÇÃO, FECHAMENTO E REPINTURA NAS PASSAGENS DE TUBULAÇÃO | D25: M2 | E25: VALORES
A26: RESUMO | B26: COMPOSIÇÃO | F26: VALOR UNITÁRIO (SEM BDI) | I26: VALOR TOTAL (SEM BDI)
A27: DESCRIÇÃO | B27: CÓDIGO | C27: ITEM | D27: UNIDADE | E27: QNT. | F27: MAT. + EQUIP. | G27: MÃO DE OBRA | H27: VALOR TOTAL | I27: MAT. + EQUIP. | J27: MÃO DE OBRA | K27: VALOR TOTAL
A28: FURO | B28: 90437 | C28: FURO EM ALVENARIA PARA DIÂMETROS MAIORES QUE 40 MM E MENORES OU IGUAIS A 75 MM. AF_05/2015 | D28: UN | E28: 1 | F28: 8.38 | G28: 25.17 | H28: =F28+G28 -> 33.55 | I28: =F28*E28 -> 8.38 | J28: =G28*E28 -> 25.17 | K28: =I28+J28 -> 33.55
A29: PREENCHIMENTO | B29: 91188 | C29: CHUMBAMENTO PONTUAL DE ABERTURA EM LAJE COM PASSAGEM DE 1 TUBO DE DIAMETRO EQUIVALENTE IGUAL À 50 MM. AF_05/2015 | D29: UN | E29: 1 | F29: 2.84 | G29: 4.06 | H29: =F29+G29 -> 6.9 | I29: =F29*E29 -> 2.84 | J29: =G29*E29 -> 4.06 | K29: =I29+J29 -> 6.9
A30: PINTURA | B30: 88489 | C30: APLICAÇÃO MANUAL DE PINTURA COM TINTA LÁTEX ACRÍLICA EM PAREDES, DUAS DEMÃOS. AF_06/2014 | D30: M2 | E30: 0.5 | F30: 9.87 | G30: 4.4 | H30: =F30+G30 -> 14.27 | I30: =F30*E30 -> 4.935 | J30: =G30*E30 -> 2.2 | K30: =I30+J30 -> 7.135
E31: Total: | I31: =SUM(I28:I30) -> 16.155 | J31: =SUM(J28:J30) -> 31.43 | K31: =SUM(K28:K30) -> 47.585
A33: COMP. 03 | B33: ABRIGO TANQUE DE COMBUSTÍVEL - ESTRUTURA METÁLICA TRELIÇADA, TELHAMENTO EM AÇO, FUNDAÇÃO EM BLOCO E ESTACA BROCA DE CONCRETO ARMADO, PINTURA ESMALTE EM TODA ESTRUTURA METÁLICA | D33: UN | E33: VALORES
A34: RESUMO | B34: COMPOSIÇÃO | F34: VALOR UNITÁRIO (SEM BDI) | I34: VALOR TOTAL (SEM BDI)
A35: DESCRIÇÃO | B35: CÓDIGO | C35: ITEM | D35: UNIDADE | E35: QNT. | F35: MAT. + EQUIP. | G35: MÃO DE OBRA | H35: VALOR TOTAL | I35: MAT. + EQUIP. | J35: MÃO DE OBRA | K35: VALOR TOTAL
A36: ESTRUTURA | B36: 100777 | C36: ESTRUTURA TRELIÇADA DE COBERTURA, TIPO SHED, COM LIGAÇÕES PARAFUSADAS, INCLUSOS PERFIS METÁLICOS, CHAPAS METÁLICAS, MÃO DE OBRA E TRANSPORTE COM GUINDASTE - FORNECIMENTO E INSTALAÇÃO. AF_01/2020_P | D36: KG | E36: 455.66 | F36: 16.2 | G36: 1.07 | H36: =F36+G36 -> 17.27 | I36: =F36*E36 -> 7381.692 | J36: =G36*E36 -> 487.5562 | K36: =I36+J36 -> 7869.2482
A37: TELHAMENTO | B37: 94213 | C37: TELHAMENTO COM TELHA DE AÇO/ALUMÍNIO E = 0,5 MM, COM ATÉ 2 ÁGUAS, INCLUSO IÇAMENTO. AF_07/2019 | D37: M2 | E37: 24.18 | F37: 90.4 | G37: 2.97 | H37: =F37+G37 -> 93.37 | I37: =F37*E37 -> 2185.872 | J37: =G37*E37 -> 71.8146 | K37: =I37+J37 -> 2257.6866
A38: CONCRETO BLOCO | B38: 97096 | C38: CONCRETAGEM DE RADIER, PISO DE CONCRETO OU LAJE SOBRE SOLO, FCK 30 MPA - LANÇAMENTO, ADENSAMENTO E ACABAMENTO. AF_09/2021 | D38: M3 | E38: 0.52 | F38: 452.15 | G38: 13.14 | H38: =F38+G38 -> 465.29 | I38: =F38*E38 -> 235.118 | J38: =G38*E38 -> 6.8328 | K38: =I38+J38 -> 241.9508
A39: FERRAGEM | B39: 96545 | C39: ARMAÇÃO DE BLOCO, VIGA BALDRAME OU SAPATA UTILIZANDO AÇO CA-50 DE 8 MM - MONTAGEM. AF_06/2017 | D39: KG | E39: 17.23 | F39: 13.1 | G39: 3.09 | H39: =F39+G39 -> 16.19 | I39: =F39*E39 -> 225.713 | J39: =G39*E39 -> 53.2407 | K39: =I39+J39 -> 278.9537
A40: FORMA | B40: 96534 | C40: FABRICAÇÃO, MONTAGEM E DESMONTAGEM DE FÔRMA PARA BLOCO DE COROAMENTO, EM MADEIRA SERRADA, E=25 MM, 4 UTILIZAÇÕES. AF_06/2017 | D40: M2 | E40: 2.4 | F40: 59.01 | G40: 35.35 | H40: =F40+G40 -> 94.36 | I40: =F40*E40 -> 141.624 | J40: =G40*E40 -> 84.84 | K40: =I40+J40 -> 226.464
A41: ESTACA | B41: 100896 | C41: ESTACA ESCAVADA MECANICAMENTE, SEM FLUIDO ESTABILIZANTE, COM 25CM DE DIÂMETRO, CONCRETO LANÇADO POR CAMINHÃO BETONEIRA (EXCLUSIVE MOBILIZAÇÃO E DESMOBILIZAÇÃO). AF_01/2020 | D41: M | E41: 12 | F41: 48.82 | G41: 5.3 | H41: =F41+G41 -> 54.12 | I41: =F41*E41 -> 585.84 | J41: =G41*E41 -> 63.6 | K41: =I41+J41 -> 649.44
A42: PINTURA | B42: 100725 | C42: PINTURA COM TINTA ALQUÍDICA DE FUNDO E ACABAMENTO (ESMALTE SINTÉTICO GRAFITE) PULVERIZADA SOBRE SUPERFÍCIES METÁLICAS (EXCETO PERFIL) EXECUTADO EM OBRA (POR DEMÃO). AF_01/2020_P | D42: M2 | E42: 16.94 | F42: 13.07 | G42: 9.84 | H42: =F42+G42 -> 22.91 | I42: =F42*E42 -> 221.4058 | J42: =G42*E42 -> 166.6896 | K42: =I42+J42 -> 388.0954
E43: Total: | I43: =SUM(I36:I42) -> 10977.265 | J43: =SUM(J36:J42) -> 934.5739 | K43: =SUM(K36:K42) -> 11911.839
A45: COMP. 04 | B45: ESCADA PRÉDIO CENTRAL - ESCADA EM ESTRUTURA METÁLICA SOLDADA E PARAFUSADA, PILARES E VIGAS EM PERFIL U, PISO EM CHAPA XADREZ, FUNDAÇÃO EM BLOCO E ESTACA BROCA. COM GUARDA CORPO METÁLICO, CORRIMÃO EM AÇO. INCLUSO PINTURA ESMALTE DE TODOS AS ESTRUTURAS | D45: UN | E45: VALORES
A46: RESUMO | B46: COMPOSIÇÃO | F46: VALOR UNITÁRIO (SEM BDI) | I46: VALOR TOTAL (SEM BDI)
A47: DESCRIÇÃO | B47: CÓDIGO | C47: ITEM | D47: UNIDADE | E47: QNT. | F47: MAT. + EQUIP. | G47: MÃO DE OBRA | H47: VALOR TOTAL | I47: MAT. + EQUIP. | J47: MÃO DE OBRA | K47: VALOR TOTAL
A48: CONCRETO | B48: 97096 | C48: CONCRETAGEM DE RADIER, PISO DE CONCRETO OU LAJE SOBRE SOLO, FCK 30 MPA - LANÇAMENTO, ADENSAMENTO E ACABAMENTO. AF_09/2021 | D48: M3 | E48: =ROUND(8*0.55*0.55*0.4,2) -> 0.97 | F48: 452.15 | G48: 13.14 | H48: =F48+G48 -> 465.29 | I48: =F48*E48 -> 438.5855 | J48: =G48*E48 -> 12.7458 | K48: =I48+J48 -> 451.3313
A49: FERRAGEM | B49: 96545 | C49: ARMAÇÃO DE BLOCO, VIGA BALDRAME OU SAPATA UTILIZANDO AÇO CA-50 DE 8 MM - MONTAGEM. AF_06/2017 | D49: KG | E49: 44 | F49: 13.1 | G49: 3.09 | H49: =F49+G49 -> 16.19 | I49: =F49*E49 -> 576.4 | J49: =G49*E49 -> 135.96 | K49: =I49+J49 -> 712.36
A50: FORMA | B50: 96534 | C50: FABRICAÇÃO, MONTAGEM E DESMONTAGEM DE FÔRMA PARA BLOCO DE COROAMENTO, EM MADEIRA SERRADA, E=25 MM, 4 UTILIZAÇÕES. AF_06/2017 | D50: M2 | E50: 1.5 | F50: 59.01 | G50: 35.35 | H50: =F50+G50 -> 94.36 | I50: =F50*E50 -> 88.515 | J50: =G50*E50 -> 53.025 | K50: =I50+J50 -> 141.54
A51: PILAR + VIGAS | B51: 100763 | C51: VIGA METÁLICA EM PERFIL LAMINADO OU SOLDADO EM AÇO ESTRUTURAL, COM CONEXÕES PARAFUSADAS, INCLUSOS MÃO DE OBRA, TRANSPORTE E IÇAMENTO UTILIZANDO GUINDASTE - FORNECIMENTO E INSTALAÇÃO. AF_01/2020_P | D51: KG | E51: 544.85 | F51: 18.74 | G51: 1 | H51: =F51+G51 -> 19.74 | I51: =F51*E51 -> 10210.489 | J51: =G51*E51 -> 544.85 | K51: =I51+J51 -> 10755.339
A52: ESTACA | B52: 100896 | C52: ESTACA ESCAVADA MECANICAMENTE, SEM FLUIDO ESTABILIZANTE, COM 25CM DE DIÂMETRO, CONCRETO LANÇADO POR CAMINHÃO BETONEIRA (EXCLUSIVE MOBILIZAÇÃO E DESMOBILIZAÇÃO). AF_01/2020 | D52: M | E52: =8*3 -> 24 | F52: 48.82 | G52: 5.3 | H52: =F52+G52 -> 54.12 | I52: =F52*E52 -> 1171.68 | J52: =G52*E52 -> 127.2 | K52: =I52+J52 -> 1298.88
A53: PISO | B53: 100763 ADAPT. | C53: (ADAPTADO - CHAPA DE ACO XADREZ PARA PISOS, E = 1/4 " (6,30 MM) 54,53 KG/M2) EM AÇO ESTRUTURAL, COM CONEXÕES PARAFUSADAS, INCLUSOS MÃO DE OBRA, TRANSPORTE E IÇAMENTO UTILIZANDO GUINDASTE - FORNECIMENTO E INSTALAÇÃO. AF_01/2020_P | D53: KG | E53: 1416.69 | F53: 18.74 | G53: 1 | H53: =F53+G53 -> 19.74 | I53: =F53*E53 -> 26548.771 | J53: =G53*E53 -> 1416.69 | K53: =I53+J53 -> 27965.461
A54: GUARDA-CORPO | B54: 99837 | C54: GUARDA-CORPO DE AÇO GALVANIZADO DE 1,10M, MONTANTES TUBULARES DE 1.1/4" ESPAÇADOS DE 1,20M, TRAVESSA SUPERIOR DE 1.1/2", GRADIL FORMADO POR TUBOS HORIZONTAIS DE 1" E VERTICAIS DE 3/4", FIXADO COM CHUMBADOR MECÂNICO. AF_04/2019_P | D54: M | E54: 23.1 | F54: 474.92 | G54: 167.18 | H54: =F54+G54 -> 642.1 | I54: =F54*E54 -> 10970.652 | J54: =G54*E54 -> 3861.858 | K54: =I54+J54 -> 14832.51
A55: CORRIMÃO | B55: 99855 | C55: CORRIMÃO SIMPLES, DIÂMETRO EXTERNO = 1 1/2", EM AÇO GALVANIZADO. AF_04/2019_P | D55: M | E55: 21.5 | F55: 86.12 | G55: 28.76 | H55: =F55+G55 -> 114.88 | I55: =F55*E55 -> 1851.58 | J55: =G55*E55 -> 618.34 | K55: =I55+J55 -> 2469.92
A56: PINTURA | B56: 100725 | C56: PINTURA COM TINTA ALQUÍDICA DE FUNDO E ACABAMENTO (ESMALTE SINTÉTICO GRAFITE) PULVERIZADA SOBRE SUPERFÍCIES METÁLICAS (EXCETO PERFIL) EXECUTADO EM OBRA (POR DEMÃO). AF_01/2020_P | D56: M2 | E56: 45.91 | F56: 13.07 | G56: 9.84 | H56: =F56+G56 -> 22.91 | I56: =F56*E56 -> 600.0437 | J56: =G56*E56 -> 451.7544 | K56: =I56+J56 -> 1051.7981
E57: Total: | I57: =SUM(I48:I56) -> 52456.716 | J57: =SUM(J48:J56) -> 7222.4232 | K57: =SUM(K48:K56) -> 59679.139
A60: COMP. 05 | B60: ESCADA NEAT - ESCADA EM ESTRUTURA METÁLICA SOLDADA E PARAFUSADA, PILARES E VIGAS EM PERFIL U, PISO EM CHAPAXADREZ, FUNDAÇÃO EM BLOCO E ESTACA BROC. COM GUARDA CORPO METÁLICO, CORRIMÃO EM AÇO. INCLUSO PINTURA ESMALTE DE TODOS AS ESTRUTURAS | D60: UN | E60: VALORES
A61: RESUMO | B61: COMPOSIÇÃO | F61: VALOR UNITÁRIO (SEM BDI) | I61: VALOR TOTAL (SEM BDI)
A62: DESCRIÇÃO | B62: CÓDIGO | C62: ITEM | D62: UNIDADE | E62: QNT. | F62: MAT. + EQUIP. | G62: MÃO DE OBRA | H62: VALOR TOTAL | I62: MAT. + EQUIP. | J62: MÃO DE OBRA | K62: VALOR TOTAL
A63: CONCRETO | B63: 97096 | C63: CONCRETAGEM DE RADIER, PISO DE CONCRETO OU LAJE SOBRE SOLO, FCK 30 MPA - LANÇAMENTO, ADENSAMENTO E ACABAMENTO. AF_09/2021 | D63: M3 | E63: =7*0.55*0.55*0.4 -> 0.847 | F63: 452.15 | G63: 13.14 | H63: =F63+G63 -> 465.29 | I63: =F63*E63 -> 382.97105 | J63: =G63*E63 -> 11.12958 | K63: =I63+J63 -> 394.10063
A64: FERRAGEM | B64: 96545 | C64: ARMAÇÃO DE BLOCO, VIGA BALDRAME OU SAPATA UTILIZANDO AÇO CA-50 - MONTAGEM. AF_06/2017 | D64: KG | E64: 40 | F64: 13.1 | G64: 3.09 | H64: =F64+G64 -> 16.19 | I64: =F64*E64 -> 524 | J64: =G64*E64 -> 123.6 | K64: =I64+J64 -> 647.6
A65: FORMA | B65: 96534 | C65: FABRICAÇÃO, MONTAGEM E DESMONTAGEM DE FÔRMA PARA BLOCO DE COROAMENTO, EM MADEIRA SERRADA, E=25 MM, 4 UTILIZAÇÕES. AF_06/2017 | D65: M2 | E65: 1.5 | F65: 59.01 | G65: 35.35 | H65: =F65+G65 -> 94.36 | I65: =F65*E65 -> 88.515 | J65: =G65*E65 -> 53.025 | K65: =I65+J65 -> 141.54
A66: PILAR + VIGAS | B66: 100763 | C66: VIGA METÁLICA EM PERFIL LAMINADO OU SOLDADO EM AÇO ESTRUTURAL, COM CONEXÕES PARAFUSADAS, INCLUSOS MÃO DE OBRA, TRANSPORTE E IÇAMENTO UTILIZANDO GUINDASTE - FORNECIMENTO E INSTALAÇÃO. AF_01/2020_P | D66: KG | E66: 498.95 | F66: 18.74 | G66: 1 | H66: =F66+G66 -> 19.74 | I66: =F66*E66 -> 9350.323 | J66: =G66*E66 -> 498.95 | K66: =I66+J66 -> 9849.273
A67: ESTACA | B67: 100896 | C67: ESTACA ESCAVADA MECANICAMENTE, SEM FLUIDO ESTABILIZANTE, COM 25CM DE DIÂMETRO, CONCRETO LANÇADO POR CAMINHÃO BETONEIRA (EXCLUSIVE MOBILIZAÇÃO E DESMOBILIZAÇÃO). AF_01/2020 | D67: M | E67: =7*3 -> 21 | F67: 48.82 | G67: 5.3 | H67: =F67+G67 -> 54.12 | I67: =F67*E67 -> 1025.22 | J67: =G67*E67 -> 111.3 | K67: =I67+J67 -> 1136.52
A68: PISO | B68: 100763 ADAPT. | C68: (ADAPTADO - CHAPA DE ACO XADREZ PARA PISOS, E = 1/4 " (6,30 MM) 54,53 KG/M2) EM AÇO ESTRUTURAL, COM CONEXÕES PARAFUSADAS, INCLUSOS MÃO DE OBRA, TRANSPORTE E IÇAMENTO UTILIZANDO GUINDASTE - FORNECIMENTO E INSTALAÇÃO. AF_01/2020_P | D68: KG | E68: 1534.46 | F68: 15.45 | G68: 0 | H68: =F68+G68 -> 15.45 | I68: =F68*E68 -> 23707.407 | J68: =G68*E68 -> 0 | K68: =I68+J68 -> 23707.407
A69: GUARDA-CORPO | B69: 99837 | C69: GUARDA-CORPO DE AÇO GALVANIZADO DE 1,10M, MONTANTES TUBULARES DE 1.1/4" ESPAÇADOS DE 1,20M, TRAVESSA SUPERIOR DE 1.1/2", GRADIL FORMADO POR TUBOS HORIZONTAIS DE 1" E VERTICAIS DE 3/4", FIXADO COM CHUMBADOR MECÂNICO. AF_04/2019_P | D69: M | E69: 21 | F69: 474.92 | G69: 167.18 | H69: =F69+G69 -> 642.1 | I69: =F69*E69 -> 9973.32 | J69: =G69*E69 -> 3510.78 | K69: =I69+J69 -> 13484.1
A70: CORRIMÃO | B70: 99855 | C70: CORRIMÃO SIMPLES, DIÂMETRO EXTERNO = 1 1/2", EM AÇO GALVANIZADO. AF_04/2019_P | D70: M | E70: 18 | F70: 86.12 | G70: 28.76 | H70: =F70+G70 -> 114.88 | I70: =F70*E70 -> 1550.16 | J70: =G70*E70 -> 517.68 | K70: =I70+J70 -> 2067.84
A71: PINTURA | B71: 100725 | C71: PINTURA COM TINTA ALQUÍDICA DE FUNDO E ACABAMENTO (ESMALTE SINTÉTICO GRAFITE) PULVERIZADA SOBRE SUPERFÍCIES METÁLICAS (EXCETO PERFIL) EXECUTADO EM OBRA (POR DEMÃO). AF_01/2020_P | D71: M2 | E71: 31.83 | F71: 13.07 | G71: 9.84 | H71: =F71+G71 -> 22.91 | I71: =F71*E71 -> 416.0181 | J71: =G71*E71 -> 313.2072 | K71: =I71+J71 -> 729.2253
E72: Total: | I72: =SUM(I63:I71) -> 47017.934 | J72: =SUM(J63:J71) -> 5139.6718 | K72: =SUM(K63:K71) -> 52157.606

Sheet COTAÇÕES
D3: UNIVERSIDADE ESTADUAL DO NORTE DO PARANÁ
D4: CNPJ: 08.885.100/0001-54
D5: OBRA : INSTALAÇÕES DE PREVENÇÃO CONTRA INCÊNDIO E PÂNICO DO CLM
D6: Local: CAMPUS LUIZ MENEGHEL
D7: Data do orçamento: AGOSTO DE 2022
D8: REFERÊNCIA DE PREÇOS : SINAPI_ref_Insumos_Composicoes_PR_052022_Desonerado // ORSE ABRIL 2022 // SICRO 2022
D9: RESP PROJETO: ENG.CIVIL LINCOLN MAKOTO NOZAKI CREA PR 9555/D
A11: COTAÇÕES UENP - MERCADO
A13: 1 | B13: TANQUE AÉREO EM AÇO CARBONO COM PINTURA EXTERNA - COMPLETO COM VÁLVULAS E ACESSÓRIOS - PARA DIESEL CAPACIDADE 3000L | K13: 44707
A14: Empresa | B14: Empresa 1: | E14: Empresa 2: | H14: Empresa 3:
A15: Razão Social | B15: MEDIZA EQUIPAMENTOS AGRO-INDUSTRIAIS LTDA | E15: ECOBRASIL INDUSTRIA E COMERCIO LTDA | H15: PASSAFARO METAL MECANICA DO BRASIL LTDA
A16: CNPJ: | B16: 00.279.510.0001-40 | E16: 07.679.248/0001-70 | H16: 07.054.142/0001-80
A17: Valor | B17: 13120 | E17: 14720 | H17: 15900
A18: Média | B18: =(B17+E17+H17)/(COUNT(B17:J17)) -> 14580
A20: 2 | B20: KIT DE ABASTECIMENTO PARA GASOLINA E DIESEL, 230V, COM MEDIDOR, 4 METROS DE MANGUEIRA E BICO AUTOMÁTICO, VAZÃO 60 L/MIN | K20: 44753
A21: Empresa | B21: Empresa 1: | E21: Empresa 2: | H21: Empresa 3:
A22: Razão Social | B22: PETRO LIDER COMERCIO DE EQUIPAMENTOS PARA ABASTECER E LUBRIFICAR EIRELI (link) | E22: GURGELMIX MAQUINHAS E FERRAMENTAS S.A. (link) | H22: CASA DO FRENTISTA COMERCIO DE MAQUINAS LTDA (link)
A23: CNPJ: | B23: 34.560.360/0001-60 | E23: 29.302.348/0001-15 | H23: 21.463.174/0001-60
A24: Valor | B24: 3480 | E24: 2476.56 | H24: 3239.1
A25: Média | B25: =(B24+E24+H24)/(COUNT(B24:J24)) -> 3065.22
A27: 3 | B27: RESERVATÓRIO METÁLICO CILÍNDRICO COM CAPACIDADE PARA 30.000 LITROS | K27: 44753
A28: Empresa | B28: Empresa 1: | E28: Empresa 2: | H28: Empresa 3:
A29: Razão Social | B29: PASSAFARO METAL MECANICA DO BRASIL LTDA | E29: BADY ACO LTDA | H29: A.B. CAVALCANTI RESERVATORIOS
A30: CNPJ: | B30: 07.054.142/0001-80 | E30: 30.985.955/0001-06 | H30: 29.694.872/0001-89
A31: Proposta | B31: 69900 | E31: 49700 | H31: 45985
A32: Média | B32: =(B31+E31+H31)/(COUNT(B31:J31)) -> 55195
A34: 3 | B34: LUMINÁRIA DE EMERGÊNCIA COM DOIS PROJETORES LED DE 2000 LUMENS | K34: 44753
A35: Empresa | B35: Empresa 1: | E35: Empresa 2: | H35: Empresa 3:
A36: Razão Social | B36: AMERICANAS S.A. (link) | E36: DUTRA MAQUINAS COMERCIAL E TECNICA LTDA (link) | H36: AOPEN DO BRASIL SOLUCOES TECNOLOGICAS LTDA (link)
A37: CNPJ: | B37: 00.776.574/0006-60 | E37: 50.970.342/0001-02 | H37: 24.822.848/0002-45
A38: Valor | B38: 172.44 | E38: 145 | H38: 194.9
A39: Média | B39: =(B38+E38+H38)/(COUNT(B38:J38)) -> 170.78

Sheet CRONOGRAMA
D3: UNIVERSIDADE ESTADUAL DO NORTE DO PARANÁ
D4: CNPJ: 08.885.100/0001-54
D5: OBRA : INSTALAÇÕES DE PREVENÇÃO CONTRA INCÊNDIO E PÂNICO DO CLM
D6: Local: CAMPUS LUIZ MENEGHEL
D7: Data do orçamento: AGOSTO DE 2022
D8: REFERÊNCIA DE PREÇOS : SINAPI_ref_Insumos_Composicoes_PR_052022_Desonerado // ORSE ABRIL 2022 // SICRO 2022
D9: RESP PROJETO: ENG.CIVIL LINCOLN MAKOTO NOZAKI CREA PR 9555/D
A11: CRONOGRAMA FÍSICO- FINANCEIRO | D11: CRONOGRAMA FÍSICO- FINANCEIRO
B12: SERVIÇO/LOCAL | E12: 30 DIAS | G12: 60 DIAS | I12: 90 DIAS | K12: 120 DIAS | M12: 150 DIAS | O12: 180 DIAS
C13: Valores | D13: % | E13: % | F13: R$ | G13: % | H13: R$ | J13: R$ | K13: % | L13: R$ | M13: % | N13: R$ | O13: % | P13: R$
A14: 1 | B14: =VLOOKUP(A14,'ORÇAMENTO GLOBAL'!A14:M437,4,0) -> SERVIÇOS GERAIS | C14: =VLOOKUP(A14,'ORÇAMENTO GLOBAL'!A14:M437,13,FALSE()) -> 16874.12 | D14: =C14/'ORÇAMENTO GLOBAL'!$M$7 -> 0.018862588 | E14: =1/6 -> 0.16666667 | F14: =E14*C14 -> 2812.3533 | G14: =1/6 -> 0.16666667 | H14: =G14*C14 -> 2812.3533 | I14: =1/6 -> 0.16666667 | J14: =I14*C14 -> 2812.3533 | K14: =1/6 -> 0.16666667 | L14: =K14*C14 -> 2812.3533 | M14: =1/6 -> 0.16666667 | N14: =M14*C14 -> 2812.3533 | O14: =1/6 -> 0.16666667 | P14: =O14*C14 -> 2812.3533 | Q14: =O14+M14+K14+I14+G14+E14 -> 1
A15: 2 | B15: =VLOOKUP(A15,'ORÇAMENTO GLOBAL'!A15:M438,4,0) -> RESERVATÓRIO | C15: =VLOOKUP(A15,'ORÇAMENTO GLOBAL'!A15:M438,13,FALSE()) -> 96932.55 | D15: =C15/'ORÇAMENTO GLOBAL'!$M$7 -> 0.10835521 | F15: =E15*C15 -> 0 | G15: 0.7 | H15: =G15*C15 -> 67852.785 | I15: 0.3 | J15: =I15*C15 -> 29079.765 | L15: =K15*C15 -> 0 | N15: =M15*C15 -> 0 | P15: =O15*C15 -> 0 | Q15: =O15+M15+K15+I15+G15+E15 -> 1
A16: 3 | B16: =VLOOKUP(A16,'ORÇAMENTO GLOBAL'!A16:M439,4,0) -> EXECUÇÃO DE REDE DE HIDRANTES E INSTALAÇÃO DE BOMBAS | C16: =VLOOKUP(A16,'ORÇAMENTO GLOBAL'!A16:M439,13,FALSE()) -> 383687.06 | D16: =C16/'ORÇAMENTO GLOBAL'!$M$7 -> 0.42890125 | E16: 0.3 | F16: =E16*C16 -> 115106.12 | G16: 0.3 | H16: =G16*C16 -> 115106.12 | I16: 0.4 | J16: =I16*C16 -> 153474.82 | L16: =K16*C16 -> 0 | N16: =M16*C16 -> 0 | P16: =O16*C16 -> 0 | Q16: =O16+M16+K16+I16+G16+E16 -> 1
A17: 4 | B17: =VLOOKUP(A17,'ORÇAMENTO GLOBAL'!A17:M440,4,0) -> EXTINTORES, PLACAS, ALARME E ILUMINAÇÃO | C17: =VLOOKUP(A17,'ORÇAMENTO GLOBAL'!A17:M440,13,FALSE()) -> 175975.16 | D17: =C17/'ORÇAMENTO GLOBAL'!$M$7 -> 0.1967123 | F17: =E17*C17 -> 0 | H17: =G17*C17 -> 0 | J17: =I17*C17 -> 0 | L17: =K17*C17 -> 0 | M17: 0.5 | N17: =M17*C17 -> 87987.58 | O17: 0.5 | P17: =O17*C17 -> 87987.58 | Q17: =O17+M17+K17+I17+G17+E17 -> 1
A18: 5 | B18: =VLOOKUP(A18,'ORÇAMENTO GLOBAL'!A19:M441,4,0) -> ADEQUAÇÕES PREDIO CENTRAL SUPERIOR | C18: =VLOOKUP(A18,'ORÇAMENTO GLOBAL'!A19:M441,13,FALSE()) -> 81290.74 | D18: =C18/'ORÇAMENTO GLOBAL'!$M$7 -> 0.090870147 | F18: =E18*C18 -> 0 | H18: =G18*C18 -> 0 | J18: =I18*C18 -> 0 | K18: 0.5 | L18: =K18*C18 -> 40645.37 | M18: 0.5 | N18: =M18*C18 -> 40645.37 | P18: =O18*C18 -> 0 | Q18: =O18+M18+K18+I18+G18+E18 -> 1
A19: 6 | B19: =VLOOKUP(A19,'ORÇAMENTO GLOBAL'!A20:M442,4,0) -> ADEQUAÇÕES PREDIO CENTRAL TÉRREO | C19: =VLOOKUP(A19,'ORÇAMENTO GLOBAL'!A20:M442,13,FALSE()) -> 4219.53 | D19: =C19/'ORÇAMENTO GLOBAL'!$M$7 -> 0.0047167649 | F19: =E19*C19 -> 0 | H19: =G19*C19 -> 0 | J19: =I19*C19 -> 0 | K19: 1 | L19: =K19*C19 -> 4219.53 | N19: =M19*C19 -> 0 | P19: =O19*C19 -> 0 | Q19: =O19+M19+K19+I19+G19+E19 -> 1
A20: 7 | B20: =VLOOKUP(A20,'ORÇAMENTO GLOBAL'!A21:M443,4,0) -> ADEQUAÇÕES ENFERMAGEM | C20: =VLOOKUP(A20,'ORÇAMENTO GLOBAL'!A21:M443,13,FALSE()) -> 6249.77 | D20: =C20/'ORÇAMENTO GLOBAL'!$M$7 -> 0.0069862511 | F20: =E20*C20 -> 0 | H20: =G20*C20 -> 0 | J20: =I20*C20 -> 0 | K20: 1 | L20: =K20*C20 -> 6249.77 | N20: =M20*C20 -> 0 | P20: =O20*C20 -> 0 | Q20: =O20+M20+K20+I20+G20+E20 -> 1
A21: 8 | B21: =VLOOKUP(A21,'ORÇAMENTO GLOBAL'!A22:M444,4,0) -> ADEQUAÇÕES BIOLOGIA | C21: =VLOOKUP(A21,'ORÇAMENTO GLOBAL'!A22:M444,13,FALSE()) -> 1954.61 | D21: =C21/'ORÇAMENTO GLOBAL'!$M$7 -> 0.0021849438 | F21: =E21*C21 -> 0 | H21: =G21*C21 -> 0 | J21: =I21*C21 -> 0 | K21: 1 | L21: =K21*C21 -> 1954.61 | N21: =M21*C21 -> 0 | P21: =O21*C21 -> 0 | Q21: =O21+M21+K21+I21+G21+E21 -> 1
A22: 9 | B22: =VLOOKUP(A22,'ORÇAMENTO GLOBAL'!A37:M465,4,0) -> ADEQUAÇÕES NICOLETTI | C22: =VLOOKUP(A22,'ORÇAMENTO GLOBAL'!A37:M465,13,FALSE()) -> 3908.68 | D22: =C22/'ORÇAMENTO GLOBAL'!$M$7 -> 0.004369284 | F22: =E22*C22 -> 0 | H22: =G22*C22 -> 0 | J22: =I22*C22 -> 0 | K22: 1 | L22: =K22*C22 -> 3908.68 | N22: =M22*C22 -> 0 | P22: =O22*C22 -> 0 | Q22: =O22+M22+K22+I22+G22+E22 -> 1
A23: 10 | B23: =VLOOKUP(A23,'ORÇAMENTO GLOBAL'!A44:M466,4,0) -> ADEQUAÇÕES BIBLIOTECA | C23: =VLOOKUP(A23,'ORÇAMENTO GLOBAL'!A44:M466,13,FALSE()) -> 3977.42 | D23: =C23/'ORÇAMENTO GLOBAL'!$M$7 -> 0.0044461244 | F23: =E23*C23 -> 0 | H23: =G23*C23 -> 0 | J23: =I23*C23 -> 0 | K23: 1 | L23: =K23*C23 -> 3977.42 | N23: =M23*C23 -> 0 | P23: =O23*C23 -> 0 | Q23: =O23+M23+K23+I23+G23+E23 -> 1
A24: 11 | B24: =VLOOKUP(A24,'ORÇAMENTO GLOBAL'!A45:M467,4,0) -> ADEQUAÇÕES OFICINA | C24: =VLOOKUP(A24,'ORÇAMENTO GLOBAL'!A45:M467,13,FALSE()) -> 42848.78 | D24: =C24/'ORÇAMENTO GLOBAL'!$M$7 -> 0.047898136 | F24: =E24*C24 -> 0 | H24: =G24*C24 -> 0 | J24: =I24*C24 -> 0 | L24: =K24*C24 -> 0 | M24: 1 | N24: =M24*C24 -> 42848.78 | P24: =O24*C24 -> 0 | Q24: =O24+M24+K24+I24+G24+E24 -> 1
A25: 12 | B25: =VLOOKUP(A25,'ORÇAMENTO GLOBAL'!A46:M468,4,0) -> ADEQUAÇÕES SETOR VETERINÁRIA | C25: =VLOOKUP(A25,'ORÇAMENTO GLOBAL'!A46:M468,13,FALSE()) -> 5571.86 | D25: =C25/'ORÇAMENTO GLOBAL'!$M$7 -> 0.0062284553 | F25: =E25*C25 -> 0 | H25: =G25*C25 -> 0 | J25: =I25*C25 -> 0 | L25: =K25*C25 -> 0 | M25: 1 | N25: =M25*C25 -> 5571.86 | P25: =O25*C25 -> 0 | Q25: =O25+M25+K25+I25+G25+E25 -> 1
A26: 13 | B26: =VLOOKUP(A26,'ORÇAMENTO GLOBAL'!A47:M469,4,0) -> ADEQUAÇÕES SETOR PROD VEGETAL | C26: =VLOOKUP(A26,'ORÇAMENTO GLOBAL'!A47:M469,13,FALSE()) -> 1557.59 | D26: =C26/'ORÇAMENTO GLOBAL'!$M$7 -> 0.0017411384 | F26: =E26*C26 -> 0 | H26: =G26*C26 -> 0 | J26: =I26*C26 -> 0 | L26: =K26*C26 -> 0 | M26: 1 | N26: =M26*C26 -> 1557.59 | P26: =O26*C26 -> 0 | Q26: =O26+M26+K26+I26+G26+E26 -> 1
A27: 14 | B27: =VLOOKUP(A27,'ORÇAMENTO GLOBAL'!A48:M470,4,0) -> ADEQUAÇÕES SETOR ENGENHARIA | C27: =VLOOKUP(A27,'ORÇAMENTO GLOBAL'!A48:M470,13,FALSE()) -> 1954.61 | D27: =C27/'ORÇAMENTO GLOBAL'!$M$7 -> 0.0021849438 | F27: =E27*C27 -> 0 | H27: =G27*C27 -> 0 | J27: =I27*C27 -> 0 | L27: =K27*C27 -> 0 | M27: 1 | N27: =M27*C27 -> 1954.61 | P27: =O27*C27 -> 0 | Q27: =O27+M27+K27+I27+G27+E27 -> 1
A28: 15 | B28: =VLOOKUP(A28,'ORÇAMENTO GLOBAL'!A49:M471,4,0) -> ADEQUAÇÕES NEAT | C28: =VLOOKUP(A28,'ORÇAMENTO GLOBAL'!A49:M471,13,FALSE()) -> 65989.77 | D28: =C28/'ORÇAMENTO GLOBAL'!$M$7 -> 0.073766091 | F28: =E28*C28 -> 0 | H28: =G28*C28 -> 0 | J28: =I28*C28 -> 0 | L28: =K28*C28 -> 0 | M28: 0.5 | N28: =M28*C28 -> 32994.885 | O28: 0.5 | P28: =O28*C28 -> 32994.885 | Q28: =O28+M28+K28+I28+G28+E28 -> 1
A29: 16 | B29: =VLOOKUP(A29,'ORÇAMENTO GLOBAL'!A50:M472,4,0) -> LIMPEZA GERAL E RETIRADA DE ENTULHOS | C29: =VLOOKUP(A29,'ORÇAMENTO GLOBAL'!A50:M472,13,FALSE()) -> 1589.11 | D29: =C29/'ORÇAMENTO GLOBAL'!$M$7 -> 0.0017763728 | F29: =E29*C29 -> 0 | H29: =G29*C29 -> 0 | J29: =I29*C29 -> 0 | L29: =K29*C29 -> 0 | N29: =M29*C29 -> 0 | O29: 1 | P29: =O29*C29 -> 1589.11 | Q29: =O29+M29+K29+I29+G29+E29 -> 1
C30: =SUM(C14:C29) -> 894581.36 | D30: =SUM(D14:D29) -> 1
B31: R$ parcial (valor período) | E31: =SUM(F14:F29) -> 117918.47 | G31: =SUM(H14:H29) -> 185771.26 | I31: =SUM(J14:J29) -> 185366.94 | K31: =SUM(L14:L29) -> 63767.733 | M31: =SUM(N14:N29) -> 216373.03 | O31: =SUM(P14:P29) -> 125383.93
B32: %_parcial (período) | E32: =SUM(E31/$C$30) -> 0.13181414 | G32: =SUM(G31/$C$30) -> 0.20766278 | I32: =SUM(I31/$C$30) -> 0.20721083 | K32: =SUM(K31/$C$30) -> 0.071282207 | M32: =SUM(M31/$C$30) -> 0.24187071 | O32: =SUM(O31/$C$30) -> 0.14015933
B33: R$_ acumulado | E33: =E31 -> 117918.47 | G33: =G31+E33 -> 303689.73 | I33: =I31+G33 -> 489056.67 | K33: =K31+I33 -> 552824.4 | M33: =M31+K33 -> 769197.43 | O33: =O31+M33 -> 894581.36
B34: %_acumulado | E34: =E32 -> 0.13181414 | G34: =G32+E34 -> 0.33947692 | I34: =I32+G34 -> 0.54668775 | K34: =K32+I34 -> 0.61796996 | M34: =M32+K34 -> 0.85984067 | O34: =O32+M34 -> 1

Sheet BDI
E3: UNIVERSIDADE ESTADUAL DO NORTE DO PARANÁ
E4: CNPJ: 08.885.100/0001-54
E5: OBRA : INSTALAÇÕES DE PREVENÇÃO CONTRA INCÊNDIO E PÂNICO DO CLM
E6: Local: CAMPUS LUIZ MENEGHEL
E7: Data do orçamento: AGOSTO DE 2022
E8: REFERÊNCIA DE PREÇOS : SINAPI_ref_Insumos_Composicoes_PR_052022_Desonerado // ORSE ABRIL 2022 // SICRO 2022
E9: RESP PROJETO: ENG.CIVIL LINCOLN MAKOTO NOZAKI CREA PR 9555/D
A11: COMPOSIÇÃO DO BDI
A12: CUSTO TOTAL DO SERVIÇO (R$)
A13: ITEM | B13: DISCRIMINAÇÃO | E13: VALOR | F13: TAXA (%) | G13: OBSERVAÇÃO | H13: SITUAÇÃO DO INTERVALO ADMISSÍVEL | I13: PARCELAS DO BDI (%)
I14: 1 QUARTIL | J14: MÉDIO | K14: 3 QUARTIL
A15: 1 | B15: AC – ADMINISTRAÇÃO CENTRAL | F15: 0.03 | H15: =IF(AND(F15>=I15,F15<=K15),"OK","DIFERE") -> OK | I15: 0.03 | J15: 0.04 | K15: 0.055
A16: 2 | B16: SG – SEGUROS + GARANTIA | F16: 0.008 | H16: =IF(AND(F16>=I16,F16<=K16),"OK","DIFERE") -> OK | I16: 0.008 | J16: 0.008 | K16: 0.01
A17: 3 | B17: R – RISCOS | F17: 0.0097 | H17: =IF(AND(F17>=I17,F17<=K17),"OK","DIFERE") -> OK | I17: 0.0097 | J17: 0.0127 | K17: 0.0127
A18: 4 | B18: DF – DESPESAS FINANCEIRAS | F18: 0.0059 | H18: =IF(AND(F18>=I18,F18<=K18),"OK","DIFERE") -> OK | I18: 0.0059 | J18: 0.0123 | K18: 0.0139
A19: 5 | B19: L – LUCRO BRUTO | F19: 0.0743 | H19: =IF(AND(F19>=I19,F19<=K19),"OK","DIFERE") -> OK | I19: 0.0616 | J19: 0.074 | K19: 0.0896
A20: 6 | B20: I – IMPOSTOS | F20: =SUM(F21:F24) -> 0.1015 | G20: FÓRMULA DO BDI DE ACORDO COM ACÓRDÃO 2.369/2011-TCU- PLENÁRIO
A21: 43836 | B21: PIS | F21: 0.0065
A22: 43867 | B22: COFINS | F22: 0.03
A23: 43896 | B23: ISS (CONFORME LEGISLAÇÃO MUNICIPAL) | F23: 0.02
A24: 43927 | B24: CONTRIB. PREVIDÊNCIA SOBRE RECEITA BRUTA – CPRB | F24: 0.045
A26: TOTAL DO BDI (R$)
A27: PREÇO DE VENDA (R$) | G27: ONDE:
A28: BDI (%) | F28: =(((1+(F15+F16+F17))*(1+F18)*(1+F19))/(1-F20))-1 -> 0.26008327 | G28: AC : TAXA DE ADMINISTRAÇÃO CENTRAL
G29: S: TAXA DE SEGURO
A30: Parâmetros do Acórdão 2.622/2013 - Plenário | G30: G: TAXA DE GARANTIAS
A31: Sem CPRB | B31: 0.2034 | C31: 0.2212 | D31: 0.25 | G31: R: TAXA DE RISCOS
A32: Com CPRB | B32: 0.2601 | C32: 0.2787 | D32: 0.3089 | G32: DF: TAXA DE DESPESAS
G33: L: TAXA DE LUCRO
G34: I: TAXA DE INCIDÊNCIA DE IMPOSTOS (PIS, COFINS, ISS, CPRB)
A36: COMPOSIÇÃO DO BDI REDUZIDO
A37: CUSTO TOTAL DO SERVIÇO (R$)
A38: ITEM | B38: DISCRIMINAÇÃO | E38: VALOR | F38: TAXA (%) | G38: OBSERVAÇÃO | H38: SITUAÇÃO DO INTERVALO ADMISSÍVEL | I38: PARCELAS DO BDI (%)
I39: 1 QUARTIL | J39: MÉDIO | K39: 3 QUARTIL
A40: 1 | B40: AC – ADMINISTRAÇÃO CENTRAL | F40: 0.015 | H40: =IF(AND(F40>=I40,F40<=K40),"OK","DIFERE") -> OK | I40: 0.015 | J40: 0.0345 | K40: 0.0449
A41: 2 | B41: SG – SEGUROS + GARANTIA | F41: 0.003 | H41: =IF(AND(F41>=I41,F41<=K41),"OK","DIFERE") -> OK | I41: 0.003 | J41: 0.0048 | K41: 0.0082
A42: 3 | B42: R – RISCOS | F42: 0.0056 | H42: =IF(AND(F42>=I42,F42<=K42),"OK","DIFERE") -> OK | I42: 0.0056 | J42: 0.0085 | K42: 0.0089
A43: 4 | B43: DF – DESPESAS FINANCEIRAS | F43: 0.0085 | H43: =IF(AND(F43>=I43,F43<=K43),"OK","DIFERE") -> OK | I43: 0.0085 | J43: 0.0085 | K43: 0.0111
A44: 5 | B44: L – LUCRO BRUTO | F44: 0.0352 | H44: =IF(AND(F44>=I44,F44<=K44),"OK","DIFERE") -> OK | I44: 0.035 | J44: 0.0511 | K44: 0.0622
A45: 6 | B45: I – IMPOSTOS | F45: =SUM(F46:F49) -> 0.0815 | G45: FÓRMULA DO BDI DE ACORDO COM ACÓRDÃO 2.369/2011-TCU- PLENÁRIO
A46: 43836 | B46: PIS | F46: 0.0065
A47: 43867 | B47: COFINS | F47: 0.03
A48: 43896 | B48: ISS (CONFORME LEGISLAÇÃO MUNICIPAL) | F48: 0
A49: 43927 | B49: CONTRIB. PREVIDÊNCIA SOBRE RECEITA BRUTA – CPRB | F49: 0.045
A51: TOTAL DO BDI (R$)
A52: PREÇO DE VENDA (R$) | G52: ONDE:
A53: BDI (%) | F53: =(((1+(F40+F41+F42))*(1+F43)*(1+F44))/(1-F45))-1 -> 0.16345953 | G53: AC : TAXA DE ADMINISTRAÇÃO CENTRAL
G54: S: TAXA DE SEGURO
A55: Parâmetros do Acórdão 2.622/2013 - Plenário | G55: G: TAXA DE GARANTIAS
A56: Sem CPRB | B56: 0.111 | C56: 0.1402 | D56: 0.168 | G56: R: TAXA DE RISCOS
A57: Com CPRB | B57: 0.1634 | C57: 0.1939 | D57: 0.223 | G57: DF: TAXA DE DESPESAS
G58: L: TAXA DE LUCRO
G59: I: TAXA DE INCIDÊNCIA DE IMPOSTOS (PIS, COFINS, ISS, CPRB)
A60: OBS: Para o BDI reduzido, considerou-se nulo o ISS e uma parcela reduzida para administração central e lucro para remunerar os custos inerentes às aquisições e armazenamento por parte da empresa contratada, por isso o valor da taxa de BDI é menor do que a que foi adotada para o restante do orçamento da obra.
